Cogmind - Beta 16.1 @@@ ROGUE MODE // 2026.03.02 @ 21:29:05 // Winter2019/RPGLIKE Player: badjay Result: Destroyed by P-80 Master with Gamma Rifle Performance ------------- Evolutions (8) 4000 Regions Visited (31) 6200 Robots Destroyed (511) 2555 Value Destroyed (26054) 26054 Prototype IDs (57) 1140 Alien Tech Used (3) 600 Bonus (11436) 11436 TOTAL SCORE: 51985 Bonus ------- High Alert Combat Kills 5673 Follower Combat Kills 782 Hunted by Unchained 500 Network Hubs Disabled 600 Met Data Miner 300 Met Imprinter 300 Met Zhirov 300 Built Enhanced Grunts 300 Met R17 at Cetus 500 Met R17 at Research 2000 Scanned by Researcher 500 Friendly Fire -319 Cogmind --------- Core Integrity 0/600 Matter 300/300 Energy 86/350 System Corruption 0% Temperature Cool (0) Movement Flying (20) Location -2/Protoforge Parts ------- > --- POWER (1) -------- Quantum Reactor > --- PROPULSION (6) --- Cooled VTOL Module Cooled Nuclear Pulse Thruster Cooled Nuclear Pulse Thruster Cooled Nuclear Pulse Thruster Electron Diverter Cooled Impulse Thruster > --- UTILITY (13) ----- Structural Scanner Advanced Melee Analysis Suite Advanced Melee Analysis Suite Core Analyzer Armor Integrity Analyzer Microactuators Force Booster Advanced Reaction Control System Improved Phase Shifter Advanced Corruption Screen > --- WEAPON (5) ------- Power Maul Power Maul Power Maul Impact Mace Impact Mace > --- INVENTORY (2) ---- Stasis Canceller Peak State ------------ > --- POWER ------------ Quantum Reactor > --- PROPULSION ------- Cooled VTOL Module Cooled Nuclear Pulse Thruster Cooled Nuclear Pulse Thruster Cooled Nuclear Pulse Thruster Electron Diverter Cooled Impulse Thruster > --- UTILITY ---------- Structural Scanner Advanced Melee Analysis Suite Advanced Melee Analysis Suite Advanced Target Analyzer Core Analyzer Armor Integrity Analyzer Microactuators Force Booster Stasis Canceller Advanced Reaction Control System Improved Phase Shifter Improved Force Field Advanced Corruption Screen > --- WEAPON ----------- Power Maul Power Maul Power Maul Impact Mace Impact Mace > --- INVENTORY -------- Protomatter [Rating: 143] Favorites ----------- Power Enhanced Nuclear Core Engine Light Ion Engine Power Core Enhanced Nuclear Core Reactor Fusion Reactor Propulsion Improved Cesium-ion Thruster Flight Unit Improved Cesium-ion Thruster Utility Advanced Melee Analysis Suite Device Microactuators Processor Advanced Melee Analysis Suite Weapon Power Maul Launcher Grenade Launcher Impact Weapon Power Maul Slashing Weapon Katana Piercing Weapon Spear Build | -11 -10 -10 -10 -9 -8 -7 -7 -7 -7 -7 -6 -6 -6 -6 -6 -5 -5 -5 -5 -5 -5 -4 -4 -4 -4 -3 -3 -3 -2 -2 -2 ------- Run | Yrd Mat Min Exi Min Mat Fac Was Fac Low Dat Pro Fac Low Low Zio Pro Fac Ext Cet Arc Hub Fac Upp Upp Zhi Pro Res Tes Res Qua Frg Slots Evolved 21 | . 2 . . . 6 3 . 3 . . . 2 1 . . . 1 . . . . . . . . 1 . 1 . 1 . Power . | . . . . . . . . . . . . . . . . . . . . . . . . . . . . . . . . Propulsion 5 | . 2 . . . . . . 1 . . . 1 . . . . . . . . . . . . . . . 1 . . . Utility 12 | . . . . . 2 3 . 2 . . . 1 1 . . . 1 . . . . . . . . 1 . . . 1 . Weapon 4 | . . . . . 4 . . . . . . . . . . . . . . . . . . . . . . . . . . Parts Attached 109 | . 6 . . 1 19 8 2 15 . . . 8 3 2 . 1 6 . . . 1 6 3 2 2 1 4 12 3 4 . Power 10 | . 1 . . . 1 . . 1 . . . 1 . . . . . . . . . . 1 1 1 . . 1 . 2 . Engine 3 | . 1 . . . 1 . . . . . . 1 . . . . . . . . . . . . . . . . . . . Core 2 | . . . . . . . . 1 . . . . . . . . . . . . . . 1 . . . . . . . . Reactor 5 | . . . . . . . . . . . . . . . . . . . . . . . . 1 1 . . 1 . 2 . Propulsion 34 | . 3 . . . 7 4 . 5 . . . 1 . . . . 1 . . . . 2 1 1 . . 1 8 . . . Treads . | . . . . . . . . . . . . . . . . . . . . . . . . . . . . . . . . Leg . | . . . . . . . . . . . . . . . . . . . . . . . . . . . . . . . . Wheel . | . . . . . . . . . . . . . . . . . . . . . . . . . . . . . . . . Hover . | . . . . . . . . . . . . . . . . . . . . . . . . . . . . . . . . Flight 34 | . 3 . . . 7 4 . 5 . . . 1 . . . . 1 . . . . 2 1 1 . . 1 8 . . . Utility 47 | . 1 . . 1 3 4 1 3 . . . 5 3 2 . 1 5 . . . 1 4 1 . 1 1 2 3 3 2 . Device 27 | . 1 . . 1 1 2 . . . . . 2 3 1 . 1 5 . . . . 2 . . 1 1 1 2 3 . . Storage . | . . . . . . . . . . . . . . . . . . . . . . . . . . . . . . . . Processor 20 | . . . . . 2 2 1 3 . . . 3 . 1 . . . . . . 1 2 1 . . . 1 1 . 2 . Hackware . | . . . . . . . . . . . . . . . . . . . . . . . . . . . . . . . . Protection . | . . . . . . . . . . . . . . . . . . . . . . . . . . . . . . . . Artifact . | . . . . . . . . . . . . . . . . . . . . . . . . . . . . . . . . Weapon 18 | . 1 . . . 8 . 1 6 . . . 1 . . . . . . . . . . . . . . 1 . . . . Energy Gun . | . . . . . . . . . . . . . . . . . . . . . . . . . . . . . . . . Energy Cannon . | . . . . . . . . . . . . . . . . . . . . . . . . . . . . . . . . Ballistic Gun . | . . . . . . . . . . . . . . . . . . . . . . . . . . . . . . . . Ballistic Cannon . | . . . . . . . . . . . . . . . . . . . . . . . . . . . . . . . . Launcher 1 | . 1 . . . . . . . . . . . . . . . . . . . . . . . . . . . . . . Special Weapon . | . . . . . . . . . . . . . . . . . . . . . . . . . . . . . . . . Impact Weapon 13 | . . . . . 6 . . 5 . . . 1 . . . . . . . . . . . . . . 1 . . . . Slashing Weapon 3 | . . . . . 2 . . 1 . . . . . . . . . . . . . . . . . . . . . . . Piercing Weapon 1 | . . . . . . . 1 . . . . . . . . . . . . . . . . . . . . . . . . Special Melee Weapon . | . . . . . . . . . . . . . . . . . . . . . . . . . . . . . . . . Unidentified Prototypes 25 | . . . . . . 1 1 1 . . . 2 . 1 . 1 2 . . . . 1 1 . 3 . 2 6 2 1 . Corrupted Parts 1 | . . . . . . . . . . . . 1 . . . . . . . . . . . . . . . . . . . System Corruption 2 | . . . . . . . . . . . . 2 . . . . . . . . . . . . . . . . . . . Parts Lost 6 | . . . . . 1 . . . . . . . . . . . . . . . . . 2 . . . . 1 1 . 1 Power 1 | . . . . . 1 . . . . . . . . . . . . . . . . . . . . . . . . . . Propulsion 4 | . . . . . . . . . . . . . . . . . . . . . . . 2 . . . . 1 1 . . Utility 1 | . . . . . . . . . . . . . . . . . . . . . . . . . . . . . . . 1 Weapon . | . . . . . . . . . . . . . . . . . . . . . . . . . . . . . . . . Highest Loss Streak 2 | . . . . . 1 . . . . . . . . . . . . . . . . . 2 . . . . 1 1 . 1 To Critical Strikes 1 | . . . . . . . . . . . . . . . . . . . . . . . 1 . . . . . . . . Average Backups . | . . . . . . . . . . . . . . . . . . 1 1 1 1 1 1 1 1 . . . . . . Power . | . . . . . . . . . . . . . . . . . . . . . . . . . . . . . . . . Propulsion . | . . . . . . . . . . . . . . . . . . . . . . . . . . . . . . . . Utility . | . . . . . . . . . . . . . . . . . . 1 1 1 1 1 1 1 1 . . . . . . Weapon . | . . . . . . . . . . . . . . . . . . . . . . . . . . . . . . . . Tool/Special . | . . . . . . . . . . . . . . . . . . . . . . . . . . . . . . . . Unused Backups 4 | . . . . . 1 1 . . . . . . . . . . . . . . . . . . . . . . . 2 . Power . | . . . . . . . . . . . . . . . . . . . . . . . . . . . . . . . . Propulsion 2 | . . . . . 1 1 . . . . . . . . . . . . . . . . . . . . . . . . . Utility 1 | . . . . . . . . . . . . . . . . . . . . . . . . . . . . . . 1 . Weapon . | . . . . . . . . . . . . . . . . . . . . . . . . . . . . . . . . Tool/Special 1 | . . . . . . . . . . . . . . . . . . . . . . . . . . . . . . 1 . Average Slot Usage (%) 98 | . 80 100 100 100 99 99 100 99 100 100 100 96 100 99 100 100 100 99 100 100 100 99 92 99 100 100 100 98 99 99 97 Engine 2 | . 12 16 16 16 9 6 6 2 . . . . . . . . . . . . . . . . . . . . . . . Core 2 | . . . . . . . . 3 5 5 5 5 4 4 4 4 4 4 4 4 4 3 4 1 . . . . . . . Flight 24 | . 36 50 50 50 29 20 20 22 22 22 22 22 23 23 23 23 22 22 22 22 22 22 15 21 22 21 21 22 24 24 24 Device 20 | . 13 16 16 16 9 18 20 17 16 16 16 19 22 22 23 23 23 27 27 27 23 22 22 22 22 25 25 25 25 24 23 Processor 21 | . . . . . 7 18 20 23 27 27 27 23 23 23 23 23 22 22 22 22 25 27 27 27 27 26 26 25 25 26 25 Launcher 1 | . 17 16 16 16 1 . . . . . . . . . . . . . . . . . . . . . . . . . . Impact Weapon 20 | . . . . . 26 20 20 24 27 27 27 25 23 23 23 23 22 21 22 22 22 21 22 22 22 21 21 20 20 20 20 Slashing Weapon 1 | . . . . . 14 13 7 2 . . . . . . . . . . . . . . . . . . . . . . . Peak Build Rating 143 | . 6 6 6 6 24 45 51 72 72 72 72 83 89 100 90 93 98 98 98 98 98 104 104 107 109 112 117 135 136 143 143 Average Rating 80 | . 4 6 6 6 16 42 45 64 72 72 72 77 88 89 90 89 90 97 98 98 97 102 95 106 106 111 113 129 134 141 138 On Entrance 75 | . . 6 6 6 6 24 45 46 72 72 72 72 83 89 90 90 90 98 98 98 98 98 104 99 107 107 112 117 133 136 143 Avg Prop Armor Cover (%) 1 | . . . . . . . . . . . . . . . . . . . . . . . . . . . . . . . 1 Naked Turns 8 | . 8 . . . . . . . . . . . . . . . . . . . . . . . . . . . . . . Heaviest Build 64 | . 7 7 7 7 17 20 20 27 27 27 27 32 35 35 35 35 41 41 41 41 41 39 45 47 47 47 47 47 52 60 64 Greatest Support 77 | 3 12 12 12 12 20 21 21 29 28 28 28 36 36 36 36 36 42 46 46 42 46 49 52 60 58 58 58 76 77 77 77 Greatest Overweight (x) 1 | . . . . . . . . . . . . . . . . . . . . . . . . . . . . . . . 1 Average Overweight (x) . | . . . . . . . . . . . . . . . . . . . . . . . . . . . . . . . . Largest Inventory Capacity 2 | . . . . . 1 1 1 1 1 1 1 1 1 1 1 1 2 2 2 2 2 2 2 2 2 2 2 2 2 2 2 Average Capacity 1 | . . . . . . 1 1 1 1 1 1 1 1 1 1 1 1 2 2 2 2 2 2 2 2 2 2 2 2 2 2 Most Carried 2 | . . . . . 1 1 1 1 1 1 1 1 1 1 1 1 2 2 2 2 2 2 2 2 2 2 2 2 2 2 2 Average Carried 1 | . . . . . . . 1 . 1 1 1 1 . . 1 1 1 1 2 2 2 1 1 2 2 1 1 1 1 1 1 Final Capacity 2 | . . . . . 1 1 1 1 1 1 1 1 1 1 1 1 2 2 2 2 2 2 2 2 2 2 2 2 2 2 2 Final Carried 2 | . . . . . 1 1 1 1 1 1 1 1 . 1 1 1 2 2 2 2 2 1 2 2 2 2 2 2 2 2 1 Class Distribution -------------------- 83% | Hacker-Sprinter 7% | Hacker-Mutant 6% | Hacker-Gladiator Dominant Class ---------------- Mutant | -10/Materials Hacker-Mutant | -10/Mines Hacker-Mutant | -10/Exiles Hacker-Mutant | -9/Mines Hacker-Gladiator | -8/Materials Hacker-Sprinter | -7/Factory Hacker-Sprinter | -7/Waste Hacker-Sprinter | -7/Factory Hacker-Sprinter | -7/Lower Caves Hacker-Sprinter | -7/Data Miner Hacker-Sprinter | -6/Proximity Caves Hacker-Sprinter | -6/Factory Hacker-Sprinter | -6/Lower Caves Hacker-Sprinter | -6/Lower Caves Hacker-Sprinter | -6/Zion Hacker-Sprinter | -5/Proximity Caves Hacker-Sprinter | -5/Factory Hacker-Sprinter | -5/Extension Hacker-Sprinter | -5/Cetus Hacker-Sprinter | -5/Archives Hacker-Sprinter | -5/Hub_04(d) Hacker-Sprinter | -4/Factory Hacker-Sprinter | -4/Upper Caves Hacker-Sprinter | -4/Upper Caves Hacker-Sprinter | -4/Zhirov Hacker-Sprinter | -3/Proximity Caves Hacker-Sprinter | -3/Research Hacker-Sprinter | -3/Testing Hacker-Sprinter | -2/Research Hacker-Sprinter | -2/Quarantine Hacker-Sprinter | -2/Protoforge Resources | -11 -10 -10 -10 -9 -8 -7 -7 -7 -7 -7 -6 -6 -6 -6 -6 -5 -5 -5 -5 -5 -5 -4 -4 -4 -4 -3 -3 -3 -2 -2 -2 ----------- Run | Yrd Mat Min Exi Min Mat Fac Was Fac Low Dat Pro Fac Low Low Zio Pro Fac Ext Cet Arc Hub Fac Upp Upp Zhi Pro Res Tes Res Qua Frg Matter Collected 2559 | 200 170 . . 185 461 80 . 367 6 . 30 100 40 50 . 20 90 50 . . 10 120 60 20 50 10 60 170 60 130 20 Remotely . | . . . . . . . . . . . . . . . . . . . . . . . . . . . . . . . . Salvage Created 23333 | . 374 70 . 92 1555 894 . 1720 139 . 633 1310 227 247 . 1046 2145 1417 463 247 105 1255 876 1034 287 489 1102 1499 1905 1407 795 Parts 640 | . 30 5 . 16 66 34 . 55 9 . 24 31 5 8 . 22 49 31 11 4 . 35 18 9 . 11 18 55 40 18 36 Haulers Intercepted 21 | . 1 . . . 4 2 . 5 . . . 3 . . . 1 . . . . . . . . . . 3 1 1 . . Recyclers Shooed 4 | . 2 . . 2 . . . . . . . . . . . . . . . . . . . . . . . . . . . Parts Field Recycled . | . . . . . . . . . . . . . . . . . . . . . . . . . . . . . . . . Retrieved Matter . | . . . . . . . . . . . . . . . . . . . . . . . . . . . . . . . . Parts Self-Destructed 61 | . . . . . . . . . 9 . 12 . 9 7 . 5 . . . . . . 12 . . 7 . . . . . Prevented 60 | . . . . . . . . . . . 14 . 1 4 . 16 . . . . . . 6 9 . 10 . . . . . Parts Restored . | . . . . . . . . . . . . . . . . . . . . . . . . . . . . . . . . Kills | -11 -10 -10 -10 -9 -8 -7 -7 -7 -7 -7 -6 -6 -6 -6 -6 -5 -5 -5 -5 -5 -5 -4 -4 -4 -4 -3 -3 -3 -2 -2 -2 ------- Run | Yrd Mat Min Exi Min Mat Fac Was Fac Low Dat Pro Fac Low Low Zio Pro Fac Ext Cet Arc Hub Fac Upp Upp Zhi Pro Res Tes Res Qua Frg Combat Hostiles Destroyed 435 | . 13 2 . 7 35 18 . 40 5 . 18 20 7 10 . 20 38 26 6 3 2 29 15 14 . 12 18 22 30 13 12 Melee 202 | . . . . . 24 14 . 23 4 . 10 11 4 5 . 7 19 10 2 1 1 14 7 2 . 7 3 10 15 3 6 Cannons 1 | . . . . . . . . . . . . . . . . . . . . . . . . . . . . . 1 . . AOE 29 | . 13 2 . 7 7 . . . . . . . . . . . . . . . . . . . . . . . . . . Classes Destroyed 21 | . 5 1 . 2 2 1 . 3 . . 2 1 . . . . . . . . . . . . . . . 1 . 3 . Worker 4 | . . . . 2 . . . . . . . 1 . . . . . . . . . . . . . . 1 . . . . Builder 2 | . . 1 . . 1 . . . . . . . . . . . . . . . . . . . . . . . . . . Tunneler 2 | . . . . 2 . . . . . . . . . . . . . . . . . . . . . . . . . . . Hauler 21 | . 1 . . . 4 2 . 5 . . . 3 . . . 1 . . . . . . . . . . 3 1 1 . . Recycler 5 | . 2 . . . 1 . . . . . . . . . . . . . . . . . . . . . . 1 . 1 . Operator 6 | . . . . . . . . 1 . . . 1 . . . . . 1 . . . 1 . . . . . . 1 . 1 Drone 6 | . . . . . . . . . . . 2 . . . . . . . . . . . . . . 2 2 . . . . Watcher 33 | . 3 . . . 5 1 . 2 . . . 1 . . . . 7 2 . . 1 3 . . . . . 1 2 3 2 Swarmer 83 | . 6 . . 4 12 . . 5 4 . 1 . 3 3 . 1 11 3 . . 1 7 2 3 . 4 2 2 9 . . Cutter 4 | . . . . . . . . . . . . 2 . . . . . . . . . 2 . . . . . . . . . Grunt 168 | . 7 2 . 3 12 14 . 22 1 . 7 6 3 5 . 15 14 8 . . . 2 5 7 . 5 7 6 9 7 1 Brawler 7 | . . . . . . . . 1 . . . 1 . . . . 1 . . . . . 2 . . . 1 . . 1 . Duelist 4 | . . . . . . . . 2 . . . . . . . 1 . . . . . . 1 . . . . . . . . Researcher 1 | . . . . . . . . . . . . . . . . . . . . . . . . . . . . . . 1 . Sentry 62 | . . . . . 8 3 . 5 . . 1 5 . 2 . 2 8 3 . 3 1 7 2 1 . 1 1 3 5 . 1 Specialist 2 | . . . . . . . . . . . . . . . . . . . . . . . . . . . . 2 . . . Hunter 32 | . . . . . 3 . . 3 . . 5 2 . 1 . . . 1 . . . 4 2 2 . . 4 2 . 3 . Programmer 39 | . . . . . . 1 . 2 . . 1 3 . . . . 5 . . . . 6 . . . . 1 7 7 . 6 Q-Series 1 | . . . . . . . . . . . . . . . . . . . . . . . . . . . . . . 1 . Behemoth 9 | . . . . . . . . . . . 1 1 1 . . 1 . 2 . . . 1 1 1 . . . . . . . Cetus Guard 6 | . . . . . . . . . . . . . . . . . . . 6 . . . . . . . . . . . . Hotshot 4 | . . . . . . . . . . . . . . . . . . . . . . . . . . . . . . . 4 Fortress 1 | . . . . . . . . . . . . . . . . . . . . . . . . . . . . . . 1 . Thug 7 | . . . . . . . . . . . . . . . . . . 7 . . . . . . . . . . . . . Savage 1 | . . . . . . . . . . . . . . . . . . 1 . . . . . . . . . . . . . Guerrilla 1 | . . . . . . . . . . . . . . . . . . 1 . . . . . . . . . . . . . Best Kill Streak 12 | . 5 3 . 5 9 6 . 8 5 . 4 6 3 10 . 10 10 12 3 3 2 6 6 6 . 4 6 7 12 6 7 Combat Bots Only 12 | . 3 2 . 4 6 6 . 5 5 . 4 6 3 10 . 10 9 12 3 3 2 6 6 6 . 4 6 7 12 5 5 Max Kills in Single Turn 3 | . 3 2 . 2 3 2 . 2 1 . 1 1 2 1 . 1 1 1 1 1 1 1 1 2 . 1 1 2 2 1 1 Gunslinging . | . . . . . . . . . . . . . . . . . . . . . . . . . . . . . . . . Exploded 3 | . 3 1 . 2 2 . . . . . . . . . . . . . . . . . . . . . . . . . . Melee 2 | . . . . . 1 2 . 2 1 . 1 1 2 1 . 1 1 1 1 1 1 1 1 1 . 1 1 1 2 1 1 Uniques/NPCs Destroyed . | . . . . . . . . . . . . . . . . . . . . . . . . . . . . . . . . Combat | -11 -10 -10 -10 -9 -8 -7 -7 -7 -7 -7 -6 -6 -6 -6 -6 -5 -5 -5 -5 -5 -5 -4 -4 -4 -4 -3 -3 -3 -2 -2 -2 -------- Run | Yrd Mat Min Exi Min Mat Fac Was Fac Low Dat Pro Fac Low Low Zio Pro Fac Ext Cet Arc Hub Fac Upp Upp Zhi Pro Res Tes Res Qua Frg Hostile Shots Fired 1830 | . 22 6 . 13 145 67 . 150 9 7 78 104 21 21 . 61 72 79 23 20 30 144 93 66 . 16 86 137 110 86 164 Missed 996 | . 7 3 . 9 54 32 . 88 4 6 42 52 10 11 . 35 36 39 14 13 17 74 52 32 . 8 52 75 72 47 112 Hits 834 | . 15 3 . 4 91 35 . 62 5 1 36 52 11 10 . 26 36 40 9 7 13 70 41 34 . 8 34 62 38 39 52 Melee 27 | . . . . . . . . 4 . . . 3 . . . 1 2 . . . 1 2 9 . . . . 3 . 2 . Projectile 807 | . 15 3 . 4 91 35 . 58 5 1 36 49 11 10 . 25 34 40 9 7 12 68 32 34 . 8 34 59 38 37 52 AOE 4 | . . . . . . . . . . . . 2 . . . . . . . . . 1 . . . . 1 . . . . Critical Strikes 56 | . . . . . 5 . . 4 . . 1 1 . . . 2 6 5 2 . 2 . 8 1 . . . 5 4 2 8 Part Disruptions 4 | . . . . . . . . . . . . . . . . . . . . . . 1 . . . . . 2 . . 1 Damage Taken 13922 | . 243 32 . 51 1099 463 . 954 72 46 722 705 286 213 . 499 746 632 189 137 251 1172 690 508 . 127 518 1012 757 804 994 Core 11340 | . 197 24 . 43 913 386 . 791 59 36 598 591 237 174 . 406 600 522 165 116 208 978 528 408 . 105 411 807 607 641 789 Absorbed by Shields 2962 | . . . . . . . . . . . . . . . . . . 225 69 50 78 430 240 182 . 49 191 362 290 389 407 Redirected to Core 8848 | . 148 24 . 23 618 268 . 571 44 36 427 390 175 143 . 335 520 386 88 75 158 671 452 341 . 76 369 692 515 584 719 Core Remaining (%) 73 | 100 . . . 72 35 . . . . . 73 . . . . 95 . . . . 68 . . . . 100 . 43 . . . Volleys Fired 49 | . 19 3 . 14 13 . . . . . . . . . . . . . . . . . . . . . . . . . . Largest 1 | . 1 1 . 1 1 . . . . . . . . . . . . . . . . . . . . . . . . . . Hottest 30 | . 30 30 . 30 30 . . . . . . . . . . . . . . . . . . . . . . . . . . Shots Fired 50 | . 19 3 . 15 13 . . . . . . . . . . . . . . . . . . . . . . . . . . Gun . | . . . . . . . . . . . . . . . . . . . . . . . . . . . . . . . . Cannon . | . . . . . . . . . . . . . . . . . . . . . . . . . . . . . . . . Launcher 50 | . 19 3 . 15 13 . . . . . . . . . . . . . . . . . . . . . . . . . . Special . | . . . . . . . . . . . . . . . . . . . . . . . . . . . . . . . . Kinetic . | . . . . . . . . . . . . . . . . . . . . . . . . . . . . . . . . Thermal . | . . . . . . . . . . . . . . . . . . . . . . . . . . . . . . . . Explosive 50 | . 19 3 . 15 13 . . . . . . . . . . . . . . . . . . . . . . . . . . Electromagnetic . | . . . . . . . . . . . . . . . . . . . . . . . . . . . . . . . . Robot Hit Streak 9 | . 5 . . 9 4 . . . . . . . . . . . . . . . . . . . . . . . . . . Robot Miss Streak 1 | . . . . 1 . . . . . . . . . . . . . . . . . . . . . . . . . . . Penetration Max . | . . . . . . . . . . . . . . . . . . . . . . . . . . . . . . . . Secondary Targets . | . . . . . . . . . . . . . . . . . . . . . . . . . . . . . . . . Shots Hit Robots 1134 | . 5 . . 4 91 51 . 102 12 2 43 54 19 21 . 53 100 49 21 9 8 107 43 37 8 15 42 52 76 59 51 Core Hits 257 | . 28 6 . 13 48 16 . 26 5 . 11 9 4 4 . 4 17 7 5 2 . 14 9 1 . 3 3 6 9 3 4 Critical Kills 40 | . . . . . . 2 . 3 3 . 1 3 1 . . 2 4 1 1 1 . 6 . . . . 1 2 7 . 2 Critical Parts Destroyed 299 | . . . . . 7 8 . 18 4 1 10 12 1 7 . 21 28 17 5 4 5 21 14 16 3 6 20 20 24 19 8 Critical Strikes 364 | . . . . . 8 11 . 25 7 1 12 15 3 8 . 23 35 20 6 5 5 32 17 16 3 6 21 22 32 20 11 Smash 359 | . . . . . 7 10 . 22 7 1 12 15 3 8 . 23 35 20 6 5 5 32 17 16 3 6 21 22 32 20 11 Sever 3 | . . . . . 1 1 . 1 . . . . . . . . . . . . . . . . . . . . . . . Impale 2 | . . . . . . . . 2 . . . . . . . . . . . . . . . . . . . . . . . Melee Attacks 1453 | . . . . . 113 63 . 131 19 3 55 80 20 27 . 61 134 60 23 9 14 135 52 40 8 23 50 83 103 81 66 Impact 1349 | . . . . . 66 35 . 102 19 3 55 80 20 27 . 61 134 60 23 9 14 135 52 40 8 23 50 83 103 81 66 Slashing 84 | . . . . . 47 28 . 9 . . . . . . . . . . . . . . . . . . . . . . . Piercing 20 | . . . . . . . . 20 . . . . . . . . . . . . . . . . . . . . . . . Sneak Attacks 119 | . . . . . 7 9 . 13 . 2 1 14 2 5 . 7 3 15 . 2 . 5 2 6 . 2 4 6 9 5 . Combat Hostiles 57 | . . . . . 4 5 . 6 . . . 7 . 3 . 5 . 3 . 2 . 5 2 3 . . . 3 6 3 . Follow-up Attacks 344 | . . . . . 30 17 . 33 3 1 15 16 6 4 . 17 32 12 9 4 3 39 15 9 4 5 14 11 13 19 13 Damage Inflicted 80256 | . 949 189 . 670 4092 2258 . 5767 961 93 2623 4324 1551 1390 . 3978 6848 4151 1223 486 440 7060 3027 3120 1173 1214 3317 4237 6364 4788 3963 Guns . | . . . . . . . . . . . . . . . . . . . . . . . . . . . . . . . . Cannons . | . . . . . . . . . . . . . . . . . . . . . . . . . . . . . . . . Explosions 2580 | . 949 189 . 670 772 . . . . . . . . . . . . . . . . . . . . . . . . . . Melee 77676 | . . . . . 3320 2258 . 5767 961 93 2623 4324 1551 1390 . 3978 6848 4151 1223 486 440 7060 3027 3120 1173 1214 3317 4237 6364 4788 3963 Ramming . | . . . . . . . . . . . . . . . . . . . . . . . . . . . . . . . . Kinetic . | . . . . . . . . . . . . . . . . . . . . . . . . . . . . . . . . Thermal . | . . . . . . . . . . . . . . . . . . . . . . . . . . . . . . . . Explosive 2535 | . 949 189 . 670 727 . . . . . . . . . . . . . . . . . . . . . . . . . . Electromagnetic 45 | . . . . . 45 . . . . . . . . . . . . . . . . . . . . . . . . . . Impact 73871 | . . . . . 1889 1177 . 4474 961 93 2623 4324 1551 1390 . 3978 6848 4151 1223 486 440 7060 3027 3120 1173 1214 3317 4237 6364 4788 3963 Slashing 2802 | . . . . . 1431 1081 . 290 . . . . . . . . . . . . . . . . . . . . . . . Piercing 1003 | . . . . . . . . 1003 . . . . . . . . . . . . . . . . . . . . . . . Highest Corruption 10 | . 2 3 3 3 . . 10 10 10 10 10 3 3 3 3 . 2 . . . . . . . . . . . . . . Average Corruption 6 | . 2 2 3 3 . . 10 10 10 10 10 2 3 3 3 . 1 . . . . . . . . . . . . . . Corruption Purged 2 | . . . . . . . . . . . . . . . . . 2 . . . . . . . . . . . . . . Corruption Blocked 43 | . . . . . . . . 1 . . 1 7 . . . . . . . . . 2 3 . . . . 5 11 . 13 Effects 86 | . 3 3 . 5 . . 1 42 4 . 13 1 4 7 1 . 2 . . . . . . . . . . . . . . Message Errors 13 | . 1 . . 1 . . . 5 . . 2 . 1 1 1 . 1 . . . . . . . . . . . . . . Matter Fused 23 | . . 2 . 1 . . . 16 1 . 3 . . . . . . . . . . . . . . . . . . . . Heat Flow Errors 9 | . 1 1 . 1 . . . 3 1 . . . 1 1 . . . . . . . . . . . . . . . . . Energy Discharges 18 | . 1 . . 1 . . . 7 1 . 2 1 2 3 . . . . . . . . . . . . . . . . . Parts Rejected 1 | . . . . . . . . 1 . . . . . . . . . . . . . . . . . . . . . . . Data Loss (minor) 8 | . . . . . . . 1 1 . . 3 . . 2 . . 1 . . . . . . . . . . . . . . Data Loss (major) 3 | . . . . . . . . 2 . . 1 . . . . . . . . . . . . . . . . . . . . Misfires 1 | . . . . 1 . . . . . . . . . . . . . . . . . . . . . . . . . . . Alerts 5 | . . . . . . . . 3 . . 2 . . . . . . . . . . . . . . . . . . . . Misdirections 5 | . . . . . . . . 4 1 . . . . . . . . . . . . . . . . . . . . . . Overload Shots . | . . . . . . . . . . . . . . . . . . . . . . . . . . . . . . . . Overflow Damage 32130 | . 14 . . . 611 620 . 1632 354 93 776 1860 456 489 . 2159 2817 2101 362 267 293 2303 1280 1796 842 593 2317 1944 3332 1720 1099 Projectiles 159 | . . . . . . . . . . . 28 . . . . 28 . 18 . . . 43 . . . . . . . . 42 Explosions 14 | . 14 . . . . . . . . . . . . . . . . . . . . . . . . . . . . . . Melee 31957 | . . . . . 611 620 . 1632 354 93 748 1860 456 489 . 2131 2817 2083 362 267 293 2260 1280 1796 842 593 2317 1944 3332 1720 1057 Knockbacks 222 | . . . . . 6 . . 10 1 . 7 15 2 4 . 8 21 12 3 . 2 23 5 10 . 2 15 19 31 8 18 Impact 176 | . . . . . 6 . . 10 1 . 4 13 2 3 . 2 21 9 1 . 2 17 5 8 . 2 10 18 26 6 10 Kinetic . | . . . . . . . . . . . . . . . . . . . . . . . . . . . . . . . . Secondary 46 | . . . . . . . . . . . 3 2 . 1 . 6 . 3 2 . . 6 . 2 . . 5 1 5 2 8 Self-Inflicted Damage 75 | . 58 . . 17 . . . . . . . . . . . . . . . . . . . . . . . . . . . Shots 4 | . 2 . . 2 . . . . . . . . . . . . . . . . . . . . . . . . . . . Rammed . | . . . . . . . . . . . . . . . . . . . . . . . . . . . . . . . . Targets Rammed . | . . . . . . . . . . . . . . . . . . . . . . . . . . . . . . . . Kicked . | . . . . . . . . . . . . . . . . . . . . . . . . . . . . . . . . Crushed . | . . . . . . . . . . . . . . . . . . . . . . . . . . . . . . . . Highest Temperature 259 | . 157 229 . 248 25 8 . 219 259 . 11 118 165 100 . 8 19 57 52 . 235 76 23 2 . . . 70 238 82 105 Average Temperature 55 | . 53 108 . 76 8 3 . 73 104 . 4 50 16 44 . 4 10 22 25 . 81 20 12 2 . . . 32 125 42 39 Received Heat Transfer 2571 | . 45 18 . 6 432 231 . 255 . . 102 117 36 63 . 219 159 146 72 6 18 81 130 80 . 18 67 71 34 64 101 Effects 4 | . . 1 . . . . . . . . . . . . . . . . . . 3 . . . . . . . . . . Interference 4 | . . 1 . . . . . . . . . . . . . . . . . . 3 . . . . . . . . . . Siege Activations . | . . . . . . . . . . . . . . . . . . . . . . . . . . . . . . . . Martial Activations . | . . . . . . . . . . . . . . . . . . . . . . . . . . . . . . . . Shielding Activations . | . . . . . . . . . . . . . . . . . . . . . . . . . . . . . . . . Robots Disrupted . | . . . . . . . . . . . . . . . . . . . . . . . . . . . . . . . . Combat Hostiles . | . . . . . . . . . . . . . . . . . . . . . . . . . . . . . . . . Robots Corrupted 231 | . . . . . 7 6 . 20 1 . 8 11 3 5 . 14 22 17 4 2 1 16 8 15 1 5 16 13 16 13 7 Combat Hostiles 202 | . . . . . 4 4 . 17 1 . 8 9 3 5 . 13 19 11 4 2 1 15 8 15 1 5 15 12 14 10 6 Parts Fried 293 | . . . . . 8 6 . 27 4 . 13 18 5 5 . 14 23 26 1 1 4 26 10 18 2 5 14 18 20 20 5 Impact Corruptions 796 | . . . . . 24 14 . 50 12 3 23 43 11 15 . 50 74 40 10 4 7 67 26 38 18 18 49 45 72 41 42 Robots Melted . | . . . . . . . . . . . . . . . . . . . . . . . . . . . . . . . . Combat Hostiles . | . . . . . . . . . . . . . . . . . . . . . . . . . . . . . . . . Parts Melted 2 | . . . . . . . . . . . . . . . . . 1 . . . . . . . . . . 1 . . . Heat Transferred . | . . . . . . . . . . . . . . . . . . . . . . . . . . . . . . . . Parts Sabotaged . | . . . . . . . . . . . . . . . . . . . . . . . . . . . . . . . . Parts Stolen . | . . . . . . . . . . . . . . . . . . . . . . . . . . . . . . . . Parts Stripped . | . . . . . . . . . . . . . . . . . . . . . . . . . . . . . . . . Power Chain Reactions . | . . . . . . . . . . . . . . . . . . . . . . . . . . . . . . . . Alert | -11 -10 -10 -10 -9 -8 -7 -7 -7 -7 -7 -6 -6 -6 -6 -6 -5 -5 -5 -5 -5 -5 -4 -4 -4 -4 -3 -3 -3 -2 -2 -2 ------- Run | Yrd Mat Min Exi Min Mat Fac Was Fac Low Dat Pro Fac Low Low Zio Pro Fac Ext Cet Arc Hub Fac Upp Upp Zhi Pro Res Tes Res Qua Frg Maximum Alert Level 4 | . 1 . . 1 2 1 . 2 . . . 3 . . . . 3 3 3 2 1 3 . . . . 3 4 4 4 4 Low Security (%) 20 | 100 84 100 . 52 47 56 100 14 . . . . . . . . 9 . . . 20 2 . . . . . . . . . Level 1 30 | . 15 . . 47 50 43 . 69 . . . . . . . . 33 . . 37 79 53 . . . . 31 . . . . Level 2 26 | . . . . . 1 . . 16 . . . 62 . . . . 36 66 79 62 . 37 . . . . 56 53 16 . . Level 3 18 | . . . . . . . . . . . . 37 . . . . 21 33 20 . . 6 . . . . 12 37 70 44 71 Level 4 4 | . . . . . . . . . . . . . . . . . . . . . . . . . . . . 9 12 55 28 Level 5 . | . . . . . . . . . . . . . . . . . . . . . . . . . . . . . . . . High Security . | . . . . . . . . . . . . . . . . . . . . . . . . . . . . . . . . Max Security . | . . . . . . . . . . . . . . . . . . . . . . . . . . . . . . . . Peak Influence 1312 | . 237 92 . 243 404 376 128 594 . . . 1054 . . . . 885 909 777 450 350 747 . . . . 864 1214 1284 1306 1312 Initial 726 | . . 55 . . 74 115 128 82 . . . 594 . . . . 176 421 492 298 150 174 . . . . 348 475 682 722 726 Average 474 | . 125 60 . 141 208 190 123 312 . . . 675 . . . . 489 639 652 399 246 440 . . . . 523 733 930 1050 989 Influence Increases 16799 | . 453 77 . 320 1183 519 . 1306 110 . 430 1386 172 317 . 450 1211 868 415 162 427 1178 390 315 15 273 998 1007 1020 941 856 Destroy 0b10 Robot/C 9080 | . 260 40 . 140 700 360 . 820 100 . 320 420 140 240 . 400 800 620 220 80 100 580 300 280 . 220 340 480 600 280 240 Destroy 0b10 Robot/NC 445 | . 30 5 . 20 60 15 . 40 . . 15 30 5 . . 5 35 15 10 . 10 20 10 5 15 10 20 15 20 20 15 Destroy Leader 1566 | . 48 10 . 20 178 66 . 194 10 . 50 118 20 . . 30 184 44 10 . 22 156 20 30 . 10 76 54 126 36 54 Allied During Kill 438 | . . . . . . . . . . . . 2 7 2 . . 16 85 147 80 12 . . . . 18 5 22 35 7 . Successful Hack 1083 | . 15 12 . . 96 47 . 115 . . . 104 . . . . 10 4 14 . 16 189 . . . . . 92 38 124 207 Select Force Hacks 150 | . . . . . . . . . . . . . . . . . . . . . 150 . . . . . . . . . . Disable Machine 300 | . 15 . . 90 15 . . 15 . . . 15 . . . . 15 . . . . 15 . . . . . 105 . 15 . Anti-Garrison Action 150 | . . . . . . . . . . . . . . . . . . . . . . . . . . . 150 . . . . Destroy Structure 312 | . 85 10 . 50 59 1 . 2 . . . 7 . . . . 16 . 14 2 12 8 . . . . 2 14 6 24 . Advance Influence 750 | . . . . . . . . . . . . 450 . . . . . . . . . . . . . . 300 . . . . Partial Spotted 765 | . . . . . 45 30 . 120 . . . 45 . . . . 30 . . . . 180 . . . . 45 60 150 15 45 Lose Combat Pursuer 1260 | . . . . . 30 . . . . . 45 195 . 75 . 15 105 . . . 105 30 60 . . 15 60 165 45 120 195 Miscellaneous 500 | . . . . . . . . . . . . . . . . . . 100 . . . . . . . . . . . 300 100 Influence Decreases 15497 | . 310 168 52 130 1118 406 250 842 276 416 201 569 538 350 647 170 630 850 547 479 500 869 539 341 501 205 225 639 950 932 847 Entered New Map 7296 | . . 88 52 . 116 140 240 36 216 416 . 85 388 130 647 . 104 440 387 449 280 183 247 99 491 5 25 371 532 562 567 Time Decay 5141 | . 160 80 . 130 392 246 10 446 60 . 201 294 150 180 . 150 326 180 140 30 40 356 262 222 10 180 160 198 238 190 110 Lost Part 60 | . . . . . 10 . . . . . . . . . . . . . . . . . 20 . . . . 10 10 . 10 Lost Ally 750 | . . . . . . 20 . 60 . . . 40 . 40 . 20 50 80 20 . 180 30 10 20 . 20 40 60 20 30 10 Purge Threat 2250 | . 150 . . . 600 . . 300 . . . 150 . . . . 150 150 . . . 300 . . . . . . 150 150 150 Squads Dispatched 71 | . 1 1 . . 5 4 . 10 . . . 10 . 1 . . 4 . 1 . 5 6 . . . . 4 8 4 5 2 Investigation 27 | . 1 1 . . 2 1 . 4 . . . 3 . 1 . . 1 . 1 . 3 1 . . . . 2 2 1 1 2 Extermination 16 | . . . . . . 1 . 2 . . . 3 . . . . 2 . . . . 2 . . . . 1 2 1 2 . Reinforcement 21 | . . . . . 1 2 . 4 . . . 3 . . . . 1 . . . 2 1 . . . . 1 4 1 1 . Assault 4 | . . . . . . . . . . . . . . . . . . . . . . 2 . . . . . . 1 1 . Garrison 3 | . . . . . 2 . . . . . . 1 . . . . . . . . . . . . . . . . . . . Intercept . | . . . . . . . . . . . . . . . . . . . . . . . . . . . . . . . . Searches Triggered . | . . . . . . . . . . . . . . . . . . . . . . . . . . . . . . . . Construction Impeded . | . . . . . . . . . . . . . . . . . . . . . . . . . . . . . . . . Haulers Reinforced 8 | . . . . . . 2 . 3 . . . 1 . . . . 1 . . . . . . . . . 1 . . . . Active Scanning Responses . | . . . . . . . . . . . . . . . . . . . . . . . . . . . . . . . . Cargo Convoy Interrupts . | . . . . . . . . . . . . . . . . . . . . . . . . . . . . . . . . Stealth | -11 -10 -10 -10 -9 -8 -7 -7 -7 -7 -7 -6 -6 -6 -6 -6 -5 -5 -5 -5 -5 -5 -4 -4 -4 -4 -3 -3 -3 -2 -2 -2 --------- Run | Yrd Mat Min Exi Min Mat Fac Was Fac Low Dat Pro Fac Low Low Zio Pro Fac Ext Cet Arc Hub Fac Upp Upp Zhi Pro Res Tes Res Qua Frg Distress Signals 21 | . 2 . . . 2 . . . . . . . . . . . 5 1 2 . 1 . . . . . 1 5 . . 2 Communications Jammed . | . . . . . . . . . . . . . . . . . . . . . . . . . . . . . . . . Distress Signals . | . . . . . . . . . . . . . . . . . . . . . . . . . . . . . . . . Times Spotted 624 | . 18 2 . 7 50 17 4 44 5 4 22 40 6 14 . 22 50 23 13 3 28 41 18 12 . 13 25 44 40 26 33 Peak Tracking Total 18 | . 4 1 . 4 7 5 4 5 4 4 5 10 2 9 . 5 10 7 5 3 17 4 9 4 . 4 5 14 9 7 18 Tactical Retreats 44 | . . . . . 1 . . . . . 3 4 . 2 . 1 4 . . . 3 2 2 . . 1 2 6 3 4 6 Traps | -11 -10 -10 -10 -9 -8 -7 -7 -7 -7 -7 -6 -6 -6 -6 -6 -5 -5 -5 -5 -5 -5 -4 -4 -4 -4 -3 -3 -3 -2 -2 -2 ------- Run | Yrd Mat Min Exi Min Mat Fac Was Fac Low Dat Pro Fac Low Low Zio Pro Fac Ext Cet Arc Hub Fac Upp Upp Zhi Pro Res Tes Res Qua Frg Traps Triggered 23 | . 3 . . . . 1 . 3 . . . 1 . . . . 1 1 . . . 4 . . . . . 4 . 1 4 Indirectly . | . . . . . . . . . . . . . . . . . . . . . . . . . . . . . . . . Trap Hack Attempts . | . . . . . . . . . . . . . . . . . . . . . . . . . . . . . . . . Triggered . | . . . . . . . . . . . . . . . . . . . . . . . . . . . . . . . . Disarmed . | . . . . . . . . . . . . . . . . . . . . . . . . . . . . . . . . Reprogrammed . | . . . . . . . . . . . . . . . . . . . . . . . . . . . . . . . . Reused . | . . . . . . . . . . . . . . . . . . . . . . . . . . . . . . . . Traps Extracted . | . . . . . . . . . . . . . . . . . . . . . . . . . . . . . . . . Installed . | . . . . . . . . . . . . . . . . . . . . . . . . . . . . . . . . Triggered . | . . . . . . . . . . . . . . . . . . . . . . . . . . . . . . . . Objects Rigged 1 | . . . . . . . . . . . . . . . . . . . . . 1 . . . . . . . . . . Machines | -11 -10 -10 -10 -9 -8 -7 -7 -7 -7 -7 -6 -6 -6 -6 -6 -5 -5 -5 -5 -5 -5 -4 -4 -4 -4 -3 -3 -3 -2 -2 -2 ---------- Run | Yrd Mat Min Exi Min Mat Fac Was Fac Low Dat Pro Fac Low Low Zio Pro Fac Ext Cet Arc Hub Fac Upp Upp Zhi Pro Res Tes Res Qua Frg Machines Disabled 25 | . 1 . . 6 1 . . 1 . . . 1 . 1 . . 1 . . . . 1 1 2 . . 1 7 . 1 . Max in Single Turn 4 | . 1 . . 4 1 . . 1 . . . 1 . 1 . . 1 . . . . 1 1 1 . . 1 1 . 1 . Garrison Access 12 | . . . . . . 1 . 2 . . . 2 . . . . 1 . . . . 1 . . . . 1 . 2 1 1 Network Hub 3 | . . . . . . . . . . . . . . . . . . . . . 3 . . . . . . . . . . Energy Cycler 1 | . . . . . . . . . . . . . . . . . . 1 . . . . . . . . . . . . . Machines Repaired . | . . . . . . . . . . . . . . . . . . . . . . . . . . . . . . . . Machines Dismantled . | . . . . . . . . . . . . . . . . . . . . . . . . . . . . . . . . Machines Sabotaged 3 | . . . . . . . . . . . . . . . . . . . . . 3 . . . . . . . . . . Overloaded Fab Kills . | . . . . . . . . . . . . . . . . . . . . . . . . . . . . . . . . Hacking | -11 -10 -10 -10 -9 -8 -7 -7 -7 -7 -7 -6 -6 -6 -6 -6 -5 -5 -5 -5 -5 -5 -4 -4 -4 -4 -3 -3 -3 -2 -2 -2 --------- Run | Yrd Mat Min Exi Min Mat Fac Was Fac Low Dat Pro Fac Low Low Zio Pro Fac Ext Cet Arc Hub Fac Upp Upp Zhi Pro Res Tes Res Qua Frg Machines Accessed 167 | . 6 2 . . 14 9 . 20 . 4 . 16 1 3 . . 11 4 3 1 4 22 2 1 6 1 3 7 7 11 9 Terminals 102 | . 6 1 . . 11 6 . 8 . . . 10 . 1 . . 7 4 3 . 4 14 . 1 . 1 . 5 4 8 8 Fabricators 18 | . . . . . . 2 . 6 . . . 3 . . . . . . . . . 5 . . . . . 1 1 . . Repair Stations . | . . . . . . . . . . . . . . . . . . . . . . . . . . . . . . . . Recycling Units . | . . . . . . . . . . . . . . . . . . . . . . . . . . . . . . . . Scanalyzers 12 | . . . . . 2 . . 3 . . . 1 . . . . 1 . . . . 1 . . . . 1 1 . 2 . Garrison Access 18 | . . . . . 1 1 . 3 . . . 2 . . . . 3 . . . . 2 . . . . 2 . 2 1 1 Total Hacks 747 | . 35 7 . . 78 35 . 76 . 32 . 59 1 7 . . 39 16 10 25 6 102 2 8 19 1 15 29 27 55 63 Successful 408 | . 20 4 . . 44 18 . 35 . 32 . 38 1 7 . . 20 9 6 25 4 40 2 8 19 1 . 11 12 23 29 Failed 336 | . 14 3 . . 33 17 . 40 . . . 21 . . . . 19 7 4 . 2 62 . . . . 15 18 15 32 34 Catastrophic 68 | . 3 . . . 7 1 . 7 . . . 3 . . . . 2 1 . . . 13 . . . . 4 8 1 8 10 Database Lockouts 3 | . 1 . . . 1 . . 1 . . . . . . . . . . . . . . . . . . . . . . . Manual 442 | . 25 6 . . 49 26 . 49 . . . 31 . . . . 27 11 1 . 6 78 . . . . . 21 23 41 48 Terminals 511 | . 35 6 . . 65 23 . 42 . . . 46 . 5 . . 30 16 10 . 6 70 . 8 . 1 . 19 21 48 60 Fabricators 47 | . . . . . . 6 . 12 . . . 8 . . . . . . . . . 16 . . . . . 4 1 . . Repair Stations . | . . . . . . . . . . . . . . . . . . . . . . . . . . . . . . . . Recycling Units . | . . . . . . . . . . . . . . . . . . . . . . . . . . . . . . . . Scanalyzers 44 | . . . . . 9 . . 8 . . . 2 . . . . 1 . . . . 6 . . . . 6 6 . 6 . Garrison Access 63 | . . . . . 4 6 . 14 . . . 3 . . . . 8 . . . . 10 . . . . 9 . 5 1 3 Terminal Hacks 207 | . 11 4 . . 21 3 . 12 . 32 . 15 1 7 . . 5 5 6 25 . 9 2 8 19 1 . . 3 9 9 Record 66 | . . . . . . . . . . 11 . . . 5 . . . . 5 25 . . 1 8 7 1 . . . 1 2 Part Schematic 20 | . . . . . . 1 . . . 12 . 1 . . . . . . . . . 1 . . 4 . . . . . 1 Robot Schematic 6 | . . . . . . . . . . 6 . . . . . . . . . . . . . . . . . . . . . Robot Analysis 8 | . . . . . 1 1 . . . . . . . . . . . . . . . 1 . . 4 . . . . 1 . Prototype ID Bank 17 | . 3 3 . . 2 . . 1 . 3 . 1 . . . . . . . . . . . . 4 . . . . . . Open Door 7 | . . 1 . . . . . . . . . . 1 2 . . . 1 1 . . . 1 . . . . . . . . Level Access Points 4 | . . . . . 1 . . 1 . . . 1 . . . . . . . . . . . . . . . . . 1 . Branch Access Points 8 | . 1 . . . 1 . . 1 . . . 2 . . . . . . . . . 1 . . . . . . 1 1 . Machine Index 2 | . . . . . 1 . . . . . . 1 . . . . . . . . . . . . . . . . . . . Terminal Index 5 | . 1 . . . 1 . . 1 . . . . . . . . . . . . . 1 . . . . . . . . 1 Scanalyzer Index 1 | . . . . . . . . 1 . . . . . . . . . . . . . . . . . . . . . . . Alert Level 20 | . 2 . . . 6 . . 3 . . . 3 . . . . 1 1 . . . 1 . . . . . . 1 1 1 Unreport Threat 20 | . 1 . . . 4 . . 2 . . . 1 . . . . 1 2 . . . 2 . . . . . . 1 4 2 Investigation Status 1 | . . . . . . . . . . . . . . . . . 1 . . . . . . . . . . . . . . Recall Investigation 2 | . . . . . . . . 1 . . . . . . . . 1 . . . . . . . . . . . . . . Recall Extermination 1 | . . . . . . . . . . . . 1 . . . . . . . . . . . . . . . . . . . Hauler Manifests 11 | . 1 . . . 2 1 . 1 . . . 2 . . . . 1 1 . . . 1 . . . . . . . . 1 Registered Components 4 | . 1 . . . 1 . . . . . . 1 . . . . . . . . . . . . . . . . . . 1 Registered Prototypes 3 | . . . . . 1 . . . . . . 1 . . . . . . . . . 1 . . . . . . . . . Zone Layout 1 | . 1 . . . . . . . . . . . . . . . . . . . . . . . . . . . . . . Fabricator Hacks 7 | . . . . . . 2 . 1 . . . 1 . . . . . . . . . 1 . . . . . 1 1 . . Network Status 5 | . . . . . . 1 . 1 . . . 1 . . . . . . . . . 1 . . . . . 1 . . . Load Schematic 1 | . . . . . . . . . . . . . . . . . . . . . . . . . . . . . 1 . . Build 1 | . . . . . . 1 . . . . . . . . . . . . . . . . . . . . . . . . . Repair Station Hacks . | . . . . . . . . . . . . . . . . . . . . . . . . . . . . . . . . Recycling Unit Hacks . | . . . . . . . . . . . . . . . . . . . . . . . . . . . . . . . . Scanalyzer 19 | . . . . . 9 . . 3 . . . 1 . . . . 1 . . . . 2 . . . . . 2 . 1 . Insert Component 5 | . . . . . 3 . . 1 . . . . . . . . . . . . . . . . . . . 1 . . . Analyze 4 | . . . . . 3 . . 1 . . . . . . . . . . . . . . . . . . . . . . . Retrieve Study 10 | . . . . . 3 . . 1 . . . 1 . . . . 1 . . . . 2 . . . . . 1 . 1 . Garrison Access Hacks 10 | . . . . . . 1 . 2 . . . 2 . . . . 1 . . . . . . . . . . . 2 1 1 Seal Access 10 | . . . . . . 1 . 2 . . . 2 . . . . 1 . . . . . . . . . . . 2 1 1 Unauthorized Hacks 165 | . 9 . . . 14 12 . 17 . . . 19 . . . . 13 4 . . 4 28 . . . . . 8 6 12 19 Terminals 133 | . 9 . . . 13 7 . 9 . . . 17 . . . . 12 4 . . 4 16 . . . . . 7 5 11 19 Track 10 | . 1 . . . 2 . . . . . . 2 . . . . . . . . . . . . . . . 1 . 1 3 Assimilate 10 | . . . . . 1 1 . . . . . 2 . . . . 1 . . . . 2 . . . . . . . 1 2 Botnet 42 | . 3 . . . 3 3 . 3 . . . 3 . . . . 5 2 . . . 6 . . . . . 3 2 4 5 Detonate 1 | . . . . . . . . . . . . . . . . . . . . . 1 . . . . . . . . . . Disrupt 4 | . . . . . 1 . . . . . . . . . . . . . . . . 1 . . . . . . . . 2 Operators 5 | . . . . . 1 . . 1 . . . 1 . . . . 1 . . . . . . . . . . . . . 1 Skim 58 | . 5 . . . 5 3 . 5 . . . 9 . . . . 5 2 . . . 7 . . . . . 3 3 5 6 Sabotage 3 | . . . . . . . . . . . . . . . . . . . . . 3 . . . . . . . . . . Fabricators 15 | . . . . . . 2 . 4 . . . 2 . . . . . . . . . 6 . . . . . 1 . . . Fabnet 14 | . . . . . . 2 . 4 . . . 2 . . . . . . . . . 5 . . . . . 1 . . . Haulers 1 | . . . . . . . . . . . . . . . . . . . . . . 1 . . . . . . . . . Repair Stations . | . . . . . . . . . . . . . . . . . . . . . . . . . . . . . . . . Recycling Units . | . . . . . . . . . . . . . . . . . . . . . . . . . . . . . . . . Scanalyzers 1 | . . . . . . . . . . . . . . . . . . . . . . . . . . . . . . 1 . Researchers 1 | . . . . . . . . . . . . . . . . . . . . . . . . . . . . . . 1 . Garrison Access 16 | . . . . . 1 3 . 4 . . . . . . . . 1 . . . . 6 . . . . . . 1 . . Broadcast 4 | . . . . . . 1 . 1 . . . . . . . . . . . . . 2 . . . . . . . . . Reprogram 4 | . . . . . . 1 . 1 . . . . . . . . . . . . . 2 . . . . . . . . . Watchers 8 | . . . . . 1 1 . 2 . . . . . . . . 1 . . . . 2 . . . . . . 1 . . Data Cores Recovered 6 | . . . . . . . . 1 . . . 1 . . . . . 1 . . . 1 . . . . . . 1 . 1 Used 2 | . . . . . . . . . . . . 1 . . . . . . . . . . . . . . . . 1 . . Hacking Detections 110 | . 5 1 . . 12 8 . 14 . . . 11 . 1 . . 9 3 2 . . 12 . 1 . . 3 7 5 8 8 Full Trace Events 10 | . . 1 . . 1 1 . 2 . . . 2 . 1 . . . . . . . . . . . . . 1 . . 1 Feedback Events 2 | . . 1 . . . . . . . . . 1 . . . . . . . . . . . . . . . . . . . Corruption 2 | . . 1 . . . . . . . . . 1 . . . . . . . . . . . . . . . . . . . Feedback Blocked . | . . . . . . . . . . . . . . . . . . . . . . . . . . . . . . . . Robot Schematics Acquired 7 | . . . . . . . . . . 6 . . . . . . . . . . . . . . . . . . . 1 . Robots Built . | . . . . . . . . . . . . . . . . . . . . . . . . . . . . . . . . Authchips . | . . . . . . . . . . . . . . . . . . . . . . . . . . . . . . . . Time . | . . . . . . . . . . . . . . . . . . . . . . . . . . . . . . . . Total Robot Build Rating . | . . . . . . . . . . . . . . . . . . . . . . . . . . . . . . . . Part Schematics Acquired 27 | . . . . . 3 1 . 1 . 12 . 1 . . . . . . . . . 1 . . 4 . . . . 3 1 Parts Built 2 | . . . . . . 2 . . . . . . . . . . . . . . . . . . . . . . . . . Authchips . | . . . . . . . . . . . . . . . . . . . . . . . . . . . . . . . . Time 58 | . . . . . . 58 . . . . . . . . . . . . . . . . . . . . . . . . . Total Part Build Rating 14 | . . . . . . 14 . . . . . . . . . . . . . . . . . . . . . . . . . Part Studies Acquired 10 | . . . . . 3 . . 1 . . . 1 . . . . 1 . . . . 2 . . . . . 1 . 1 . Parts Repaired . | . . . . . . . . . . . . . . . . . . . . . . . . . . . . . . . . Time . | . . . . . . . . . . . . . . . . . . . . . . . . . . . . . . . . Parts Recycled . | . . . . . . . . . . . . . . . . . . . . . . . . . . . . . . . . Recycled Matter . | . . . . . . . . . . . . . . . . . . . . . . . . . . . . . . . . Retrieved Matter . | . . . . . . . . . . . . . . . . . . . . . . . . . . . . . . . . Retrieved Components . | . . . . . . . . . . . . . . . . . . . . . . . . . . . . . . . . Parts Scanalyzed 4 | . . . . . 3 . . 1 . . . . . . . . . . . . . . . . . . . . . . . Part Schematics Acquired 4 | . . . . . 3 . . 1 . . . . . . . . . . . . . . . . . . . . . . . Parts Damaged . | . . . . . . . . . . . . . . . . . . . . . . . . . . . . . . . . Bothacking | -11 -10 -10 -10 -9 -8 -7 -7 -7 -7 -7 -6 -6 -6 -6 -6 -5 -5 -5 -5 -5 -5 -4 -4 -4 -4 -3 -3 -3 -2 -2 -2 ------------ Run | Yrd Mat Min Exi Min Mat Fac Was Fac Low Dat Pro Fac Low Low Zio Pro Fac Ext Cet Arc Hub Fac Upp Upp Zhi Pro Res Tes Res Qua Frg Used RIF Installer . | . . . . . . . . . . . . . . . . . . . . . . . . . . . . . . . . Robots Hacked 43 | . . . . . . . . . . . . 3 2 5 . 1 5 4 . . 4 1 . 1 . 3 3 5 3 3 . Non-combat . | . . . . . . . . . . . . . . . . . . . . . . . . . . . . . . . . Combat 43 | . . . . . . . . . . . . 3 2 5 . 1 5 4 . . 4 1 . 1 . 3 3 5 3 3 . Robot Hacks Applied . | . . . . . . . . . . . . . . . . . . . . . . . . . . . . . . . . Relay Couplers Released 3 | . . . . . . 2 . . . . . . . . . . . . . . . . . . . . 1 . . . . Machine Destruction 1 | . . . . . . . . . . . . . . . . . . . . . . . . . . . 1 . . . . Programmers 2 | . . . . . . 2 . . . . . . . . . . . . . . . . . . . . . . . . . Fabnet Peak Effective % 15 | . . . . . . . . . . . 15 15 15 15 15 12 12 12 12 12 12 2 2 2 2 15 15 15 8 8 8 Autooverrided 43 | . . . . . . . . . . . . 3 2 5 . 1 5 4 . . 4 1 . 1 . 3 3 5 3 3 . Robots Rewired . | . . . . . . . . . . . . . . . . . . . . . . . . . . . . . . . . Allies Hacked . | . . . . . . . . . . . . . . . . . . . . . . . . . . . . . . . . Hacks Repelled . | . . . . . . . . . . . . . . . . . . . . . . . . . . . . . . . . Allies | -11 -10 -10 -10 -9 -8 -7 -7 -7 -7 -7 -6 -6 -6 -6 -6 -5 -5 -5 -5 -5 -5 -4 -4 -4 -4 -3 -3 -3 -2 -2 -2 -------- Run | Yrd Mat Min Exi Min Mat Fac Was Fac Low Dat Pro Fac Low Low Zio Pro Fac Ext Cet Arc Hub Fac Upp Upp Zhi Pro Res Tes Res Qua Frg Total Allies 66 | . . . . . 1 1 1 3 . . . 5 2 5 . 1 6 9 5 . 4 3 . 1 . 3 3 5 3 4 1 Largest Group 8 | . . . . . 1 2 1 3 . . . 2 1 1 . 1 3 4 8 7 7 1 1 1 . 2 2 2 2 1 1 Highest-Rated Group 688 | . . . . . 26 52 31 48 . . . 39 47 41 . 29 54 215 688 592 484 26 10 47 . 60 116 94 122 53 45 Highest-Rated Ally 159 | . . . . . 26 26 31 16 . . . 37 47 41 . 29 54 159 159 152 142 26 10 47 . 58 116 64 64 53 45 Total Orders 7 | . . . . . 4 2 . . . . . . . . . . . . . . . . 1 . . . . . . . . STAY 4 | . . . . . 2 1 . . . . . . . . . . . . . . . . 1 . . . . . . . . FOLLOW 3 | . . . . . 2 1 . . . . . . . . . . . . . . . . . . . . . . . . . Ally Attacks 220 | . . . . . . . . 11 . . . 13 2 13 . 3 21 13 44 11 34 2 . 1 . 12 5 17 10 8 . Total Damage 5145 | . . . . . . . . 144 . . . 175 57 211 . 60 193 372 1300 333 1179 16 . 22 . 137 45 514 208 179 . Kills 28 | . . . . . . . . 1 . . . 1 . 3 . . 2 5 7 1 4 . . . . 1 1 2 . . . Allies Corrupted 2 | . . . . . . . . . . . . . . . . . . . . . 2 . . . . . . . . . . Allies Melted 2 | . . . . . . . . . . . . . . . . . . 1 . . 1 . . . . . . . . . . Intel | -11 -10 -10 -10 -9 -8 -7 -7 -7 -7 -7 -6 -6 -6 -6 -6 -5 -5 -5 -5 -5 -5 -4 -4 -4 -4 -3 -3 -3 -2 -2 -2 ------- Run | Yrd Mat Min Exi Min Mat Fac Was Fac Low Dat Pro Fac Low Low Zio Pro Fac Ext Cet Arc Hub Fac Upp Upp Zhi Pro Res Tes Res Qua Frg Active Infowar (turns) 11445 | . 266 83 . 316 922 520 34 1103 127 27 430 641 315 367 202 376 739 370 289 69 84 818 561 467 74 384 332 403 513 386 227 Optics 1 | . . . . . . . 1 . . . . . . . . . . . . . . . . . . . . . . . . Terrain 552 | . 266 83 . 203 . . . . . . . . . . . . . . . . . . . . . . . . . . . Structural 10731 | . . . . . 873 520 34 1103 127 27 430 641 315 367 202 376 739 370 289 69 84 818 561 467 74 384 332 403 513 386 227 Seismic 162 | . . . . 113 49 . . . . . . . . . . . . . . . . . . . . . . . . . . Machine Analysis 1 | . . . . . . . . . . . . . . . . . . . . . . 1 . . . . . . . . . Jamming 1 | . . . . . . . . . . . . . . . . . . . . . . 1 . . . . . . . . . ECM 3 | . . . . . . . . . . . . . 3 . . . . . . . . . . . . . . . . . . Robot Analysis Total 8 | . . . . . 1 1 . . . . . . . . . . . . . . . 1 . . 4 . . . . 1 . Derelict Logs Recovered 17 | . . . . 1 . . . . 1 . 2 . 3 3 2 2 . . . . . . 1 2 . . . . . . . Drone Launches . | . . . . . . . . . . . . . . . . . . . . . . . . . . . . . . . . Drone Recoveries . | . . . . . . . . . . . . . . . . . . . . . . . . . . . . . . . . Exploration | -11 -10 -10 -10 -9 -8 -7 -7 -7 -7 -7 -6 -6 -6 -6 -6 -5 -5 -5 -5 -5 -5 -4 -4 -4 -4 -3 -3 -3 -2 -2 -2 ------------- Run | Yrd Mat Min Exi Min Mat Fac Was Fac Low Dat Pro Fac Low Low Zio Pro Fac Ext Cet Arc Hub Fac Upp Upp Zhi Pro Res Tes Res Qua Frg Turns Passed 11779 | 12 338 161 140 348 922 520 34 1103 127 27 430 641 315 367 202 376 739 370 289 69 84 818 561 467 74 384 332 403 513 386 227 Spaces Moved 25863 | 24 768 332 412 883 1341 921 92 2147 326 91 1057 1330 1106 1199 877 1039 1831 542 312 103 248 1752 1051 1107 180 1077 579 790 990 923 433 Core 114 | 24 90 . . . . . . . . . . . . . . . . . . . . . . . . . . . . . . Treads . | . . . . . . . . . . . . . . . . . . . . . . . . . . . . . . . . Legs . | . . . . . . . . . . . . . . . . . . . . . . . . . . . . . . . . Wheels . | . . . . . . . . . . . . . . . . . . . . . . . . . . . . . . . . Hover . | . . . . . . . . . . . . . . . . . . . . . . . . . . . . . . . . Flight 25749 | . 678 332 412 883 1341 921 92 2147 326 91 1057 1330 1106 1199 877 1039 1831 542 312 103 248 1752 1051 1107 180 1077 579 790 990 923 433 Fastest Speed 5 | 50 34 34 34 34 34 30 30 26 26 26 26 23 23 23 23 23 17 17 17 23 17 16 23 24 28 28 25 5 5 5 5 Average Speed 25 | 50 36 34 34 34 34 30 30 26 26 26 26 24 23 23 23 23 22 22 22 23 20 22 29 28 28 28 27 21 19 19 18 Slowest Speed 87 | 50 50 34 34 34 34 34 30 30 26 26 26 26 23 23 23 23 23 23 23 23 23 23 31 31 28 28 28 31 23 20 87 Overloaded Moves 281 | . . . . . . . . . . . . . . . . . 3 14 12 . 80 24 4 3 . . . 21 29 25 66 Propulsion Burnouts . | . . . . . . . . . . . . . . . . . . . . . . . . . . . . . . . . Robots Hopped 146 | . 6 4 . 16 3 16 . 10 . . . 15 . . . 1 13 2 2 . 5 16 . . . . 3 11 8 8 7 Potential Cave-ins . | . . . . . . . . . . . . . . . . . . . . . . . . . . . . . . . . Cave-ins Triggered . | . . . . . . . . . . . . . . . . . . . . . . . . . . . . . . . . Exploration Rate (%) 67 | 3 94 51 88 99 92 20 70 58 49 76 92 35 97 96 85 98 53 75 75 79 32 44 96 98 62 98 19 93 27 86 19 Regions Visited 31 Branch Regions 21 Pre-discovered Areas 22 | . . . . 1 4 . . 3 . 1 1 2 1 2 . . . . . . . 2 . . 3 . . . . 2 . Known Exits Taken 18 | . 1 . . . 1 . . 1 . . 1 1 1 . . 1 1 . 1 1 1 1 1 . . 1 1 1 1 1 . Unknown Exits Taken 11 | 1 . 1 1 1 . . . . 1 1 . . . 1 1 . . 1 . . . . . 1 1 . . . . . . Scrap Searched 34 | . . . . 1 . . . . 1 . 3 . 7 6 4 1 . . . . . . 5 4 . 2 . . . . . Spaces Dug 46 | . . . . . 4 1 . 2 . . . 7 . . . . 8 . . . 1 4 . 1 . . 1 7 2 8 . Terrain Destroyed 288 | . 91 14 . 64 77 1 . 2 . . . 7 . . . . 8 . . . 1 4 . 1 . . 1 7 2 8 . Melee 46 | . . . . . 4 1 . 2 . . . 7 . . . . 8 . . . 1 4 . 1 . . 1 7 2 8 . Projectile . | . . . . . . . . . . . . . . . . . . . . . . . . . . . . . . . . AOE 242 | . 91 14 . 64 73 . . . . . . . . . . . . . . . . . . . . . . . . . . Terrain Rammed . | . . . . . . . . . . . . . . . . . . . . . . . . . . . . . . . . Walls Destroyed . | . . . . . . . . . . . . . . . . . . . . . . . . . . . . . . . . Machines Disabled . | . . . . . . . . . . . . . . . . . . . . . . . . . . . . . . . . Actions | -11 -10 -10 -10 -9 -8 -7 -7 -7 -7 -7 -6 -6 -6 -6 -6 -5 -5 -5 -5 -5 -5 -4 -4 -4 -4 -3 -3 -3 -2 -2 -2 --------- Run | Yrd Mat Min Exi Min Mat Fac Was Fac Low Dat Pro Fac Low Low Zio Pro Fac Ext Cet Arc Hub Fac Upp Upp Zhi Pro Res Tes Res Qua Frg Total 29419 | 23 795 372 411 899 1666 1094 97 2540 350 91 1159 1539 1155 1278 876 1141 2062 724 507 139 261 2025 1256 1222 195 1136 704 934 1205 1044 519 Wait 1832 | . 7 39 . 17 174 99 . 235 7 . 43 119 6 31 . 39 109 91 171 25 9 138 120 56 4 36 59 46 92 35 25 Move 25559 | 23 755 323 411 851 1335 890 91 2126 325 90 1056 1302 1105 1198 876 1036 1806 537 307 102 237 1721 1050 1106 179 1076 572 769 975 910 419 Hop 128 | . 6 4 . 15 2 15 . 10 . . . 12 . . . 1 11 2 2 . 5 14 . . . . 3 9 6 4 7 Pick Up 27 | . . . . . 2 2 . 1 1 . 1 . . 3 . . 2 1 1 . . 1 4 . 1 1 1 2 1 1 1 Fast Attach 90 | . 6 . . . 11 2 3 13 . . . 6 1 4 . 1 7 2 . . 1 6 4 1 2 . 2 8 3 7 . Attach 12 | . . . . . 3 1 . 1 . . . . . . . . 1 . . . . . . . . 1 1 . . 2 2 Detach 10 | . . . . . 3 . . 1 . . . . . . . . . . . . . . . . . . 1 . 1 2 2 Swap 66 | . . . . 1 8 5 . 8 . . . 5 2 1 . 1 4 . . . . 6 2 1 3 . 3 9 3 4 . Drop 86 | . . . . . 12 4 3 13 1 . 1 2 2 6 . 1 4 1 1 . 1 7 4 . 2 . 5 8 2 3 3 Fire 49 | . 19 3 . 14 13 . . . . . . . . . . . . . . . . . . . . . . . . . . Melee 862 | . . . . . 66 39 . 74 10 1 30 47 13 18 . 36 79 37 12 5 7 74 29 29 4 16 31 53 65 49 38 Ram . | . . . . . . . . . . . . . . . . . . . . . . . . . . . . . . . . Kick . | . . . . . . . . . . . . . . . . . . . . . . . . . . . . . . . . Crush . | . . . . . . . . . . . . . . . . . . . . . . . . . . . . . . . . Escape Stasis 32 | . . . . . . . . . . . . 15 . . . . . 15 . . . . . . . . . . . . 2 Rewire . | . . . . . . . . . . . . . . . . . . . . . . . . . . . . . . . . Trap . | . . . . . . . . . . . . . . . . . . . . . . . . . . . . . . . . Miscellaneous 666 | . 2 3 . 1 37 37 . 58 6 . 28 31 26 17 . 26 39 38 13 7 1 58 43 29 . 6 26 30 57 27 20 Route ------- -11/Scrapyard -10/Materials (discovered 6 exits: *Mat x3 / *Min x2 / [*Sub]) -10/Mines (discovered 3 exits: Mat x2 / *Exi) -10/Exiles -9/Mines (discovered 2 exits: *Mat x2) -8/Materials (discovered 3 exits: *Fac x3) -7/Factory (discovered 2 exits: *Fac x2) -7/Waste -7/Factory (discovered 8 exits: *Fac x4 / Sto x2 / *Low x2) -7/Lower Caves -7/Data Miner -6/Proximity Caves -6/Factory (discovered 6 exits: Fac x4 / *Low x2) -6/Lower Caves -6/Lower Caves (discovered 2 exits: *Fac / [*Zio]) -6/Zion -5/Proximity Caves -5/Factory (discovered 7 exits: *Fac x4 / [*Upp x2] / *Ext) -5/Extension (discovered 3 exits: *Fac x2 / *Cet) -5/Cetus (discovered 2 exits: *Fac / *Arc) -5/Archives (discovered 3 exits: Fac / *Hub x2) -5/Hub_04(d) -4/Factory (discovered 6 exits: Res x4 / *Upp x2) -4/Upper Caves -4/Upper Caves (discovered 2 exits: *Res / *Zhi) -4/Zhirov -3/Proximity Caves -3/Research (discovered 3 exits: Res / *Tes x2) -3/Testing -2/Research (discovered 2 exits: *Qua x2) -2/Quarantine (discovered 3 exits: *Acc / *Sec / *Frg) -2/Protoforge History --------- Turn | Location | Event 7 | -11/Scrapyard | Discovered new exit (range 13) 13 | -11/Scrapyard | Entered Materials 90 | -10/Materials | Discovered new exit (range 15) 92 | -10/Materials | Upgraded with Propulsion slot (x1) 121 | -10/Materials | Discovered new exit (range 10) 151 | -10/Materials | Upgraded with Propulsion slot (x1) 152 | -10/Materials | Discovered new exit (range 8) 228 | -10/Materials | Discovered new exit (range 3) 246 | -10/Materials | Identified exit to Mines 246 | -10/Materials | Central database locked down 334 | -10/Materials | Discovered new exit (range 16) 341 | -10/Materials | Reached level 2 351 | -10/Materials | Entered Mines 352 | -10/Mines | Identified exit to Materials 387 | -10/Mines | Deemed a non-threat by the Exiles lab entrance 387 | -10/Mines | Discovered new exit (range 5) 457 | -10/Mines | Found the Drone Emporium 481 | -10/Mines | Assembled infested the area 488 | -10/Mines | Met a Derelict bent on vengeance 496 | -10/Mines | Build established: Hacker-Mutant 512 | -10/Mines | Entered Exiles 521 | -10/Exiles | Met 8R-AWN 526 | -10/Exiles | Met EX-HEX 537 | -10/Exiles | Met EX-BIN 586 | -10/Exiles | Met EX-DEC 596 | -10/Exiles | Visited The Gauntlet 649 | -10/Exiles | Discovered new exit (range 14) 652 | -10/Exiles | Entered Mines 653 | -9/Mines | Learned location of Storage (-7) 654 | -9/Mines | Reached level 3 691 | -9/Mines | Found a hidden stash of uninstalled traps 743 | -9/Mines | Discovered new exit (range 6) 768 | -9/Mines | Learned Materials emergency access door positions 772 | -9/Mines | Discovered new exit (range 6) 776 | -9/Mines | Found a Scrap Suit stashed away for nefarious purposes 1000 | -9/Mines | Entered Materials 1002 | -8/Materials | Reached level 4 1024 | -8/Materials | Reached level 5 1086 | -8/Materials | Upgraded with Weapon slot (x3) 1094 | -8/Materials | Upgraded with Weapon slot (x1) 1124 | -8/Materials | Identified exit to Factory 1156 | -8/Materials | Core integrity fell below 50% 1235 | -8/Materials | Reached level 6 1340 | -8/Materials | Upgraded with Utility slot (x1) 1421 | -8/Materials | Central database locked down 1457 | -8/Materials | Build established: Hacker-Gladiator 1466 | -8/Materials | Learned location of Recycling (-7) 1505 | -8/Materials | Reached level 7 1695 | -8/Materials | Upgraded with Utility slot (x1) 1731 | -8/Materials | Learned Factory garrison access intel 1807 | -8/Materials | Garrison activated, responded to threat 1825 | -8/Materials | Reached level 8 1922 | -8/Materials | Entered Factory 1922 | -7/Factory | Accompanied by 1 ally 1923 | -7/Factory | Identified exit to Factory 1923 | -7/Factory | Core integrity fell below 50% 1924 | -7/Factory | Loaded intel: 4 garrison access locations 1924 | -7/Factory | Reached level 9 1939 | -7/Factory | Upgraded with Utility slot (x1) 2037 | -7/Factory | Upgraded with Utility slot (x2) 2233 | -7/Factory | Build established: Hacker-Sprinter 2273 | -7/Factory | Watched by a mysterious "MATRIX" hacker. 2291 | -7/Factory | Fabricated Imp. Phase Shifter? 2335 | -7/Factory | Reached level 10 2442 | -7/Factory | Sucked down chute 2442 | -7/Factory | Entered Waste 2443 | -7/Waste | Met a frightened Derelict 2454 | -7/Waste | Spotted C-40 Crusher 2457 | -7/Waste | EMP discharged 2457 | -7/Waste | System corruption reached 10% 2457 | -7/Waste | Spotted C-40 Crusher 2460 | -7/Waste | Spotted C-40 Crusher 2461 | -7/Waste | Spotted C-40 Crusher 2473 | -7/Waste | Discovered new exit (range 11) 2476 | -7/Waste | Entered Factory 2518 | -7/Factory | Discovered new exit (range 13) 2551 | -7/Factory | Reached level 11 2672 | -7/Factory | Upgraded with Propulsion slot (x1) 2805 | -7/Factory | Reached level 12 2816 | -7/Factory | Upgraded with Utility slot (x1) 2846 | -7/Factory | Identified exit to Storage 2846 | -7/Factory | Identified exit to Lower Caves 3050 | -7/Factory | Central database locked down 3116 | -7/Factory | Reached level 13 3116 | -7/Factory | Upgraded with Utility slot (x1) 3131 | -7/Factory | Learned location of Zion (-6) 3189 | -7/Factory | Learned location of 1 exit from Proximity Caves 3200 | -7/Factory | Learned location of 1 exit from Proximity Caves 3204 | -7/Factory | Learned location of Lower Caves (-7) 3208 | -7/Factory | Learned 4 Lower Caves zone layouts 3223 | -7/Factory | Learned 2 Upper Caves zone layouts 3248 | -7/Factory | Learned location of 2 exits from Factory 3492 | -7/Factory | Reached level 14 3579 | -7/Factory | Entered Lower Caves 3672 | -7/Lower Caves | Entered a destroyed Warlord outpost 3685 | -7/Lower Caves | Learned Factory emergency access door positions 3699 | -7/Lower Caves | A Derelict revealed a hidden shortcut to meet someone special 3706 | -7/Lower Caves | Entered Data Miner 3706 | -7/Data Miner | Discovered new exit (range 6) 3708 | -7/Data Miner | Reached level 15 3711 | -7/Data Miner | Met Data Miner 3717 | -7/Data Miner | Learned location of Section 7 (-2) 3717 | -7/Data Miner | Acquired the access code to Warlord's prototype stash 3721 | -7/Data Miner | Received God Mode back door access code from Data Miner 3730 | -7/Data Miner | Data Conduit disabled 3733 | -7/Data Miner | Entered Proximity Caves 3736 | -6/Proximity Caves | Spotter reported a threat 3736 | -6/Proximity Caves | Spotter reported a threat 3770 | -6/Proximity Caves | Reached level 16 3907 | -6/Proximity Caves | Ambushed by research squad 3965 | -6/Proximity Caves | Learned Factory terminal intel 4039 | -6/Proximity Caves | Spotter reported a threat 4053 | -6/Proximity Caves | Attracted the attention of an 0b10 checkpoint 4087 | -6/Proximity Caves | Spotted B-75 Beast 4105 | -6/Proximity Caves | Destroyed B-75 Beast 4113 | -6/Proximity Caves | Reached level 17 4163 | -6/Proximity Caves | Entered Factory 4164 | -6/Factory | Identified exit to Factory 4166 | -6/Factory | Loaded intel: 26 terminal locations 4193 | -6/Factory | Upgraded with Utility slot (x1) 4195 | -6/Factory | Upgraded with Propulsion slot (x1) 4198 | -6/Factory | Identified exit to Lower Caves 4271 | -6/Factory | Targeted by mysterious "MATRIX" hacker. 4271 | -6/Factory | Reached level 18 4330 | -6/Factory | Spotted B-75 Beast 4348 | -6/Factory | Destroyed B-75 Beast 4563 | -6/Factory | Learned location of 1 exit from Proximity Caves 4592 | -6/Factory | Learned location of 1 exit from Cetus 4611 | -6/Factory | Learned location of Extension (-5) 4621 | -6/Factory | Learned location of 2 exits from Archives 4643 | -6/Factory | Learned location of Proximity Caves (-3) 4673 | -6/Factory | Learned Hub_04(d) emergency access door positions 4758 | -6/Factory | Local machine network offline 4768 | -6/Factory | Garrison activated, responded to threat 4804 | -6/Factory | Entered Lower Caves 4806 | -6/Lower Caves | Reached level 19 4810 | -6/Lower Caves | Upgraded with Utility slot (x1) 4863 | -6/Lower Caves | Identified exit to Lower Caves 4875 | -6/Lower Caves | Spotted B-75 Beast 4905 | -6/Lower Caves | Learned location of 1 exit from Factory 4938 | -6/Lower Caves | Encountered a Warlord checkpoint 5057 | -6/Lower Caves | Destroyed B-75 Beast 5119 | -6/Lower Caves | Entered another Lower Caves area 5120 | -6/Lower Caves | Discovered exit to Factory (range 15) 5124 | -6/Lower Caves | Entered a destroyed Warlord outpost 5184 | -6/Lower Caves | Learned Factory terminal intel 5186 | -6/Lower Caves | Attracted the attention of an 0b10 base 5222 | -6/Lower Caves | Lost 3 allies 5273 | -6/Lower Caves | Learned location of 1 exit from Research 5273 | -6/Lower Caves | Learned Research stockpile data 5273 | -6/Lower Caves | Learned Armory terminal intel 5276 | -6/Lower Caves | Destroyed 10 combat bots 5291 | -6/Lower Caves | Encountered a Warlord checkpoint 5307 | -6/Lower Caves | Found Prototype Device 5307 | -6/Lower Caves | Identified Heart of Steel 5372 | -6/Lower Caves | Discovered new exit (range 14) 5375 | -6/Lower Caves | Learned 4 Factory zone layouts 5403 | -6/Lower Caves | Learned 4 Factory zone layouts 5486 | -6/Lower Caves | Entered Zion 5495 | -6/Zion | Given the Hacking Drone Bay 5498 | -6/Zion | Discovered new exit (range 9) 5521 | -6/Zion | System corruption cleaned by Quarantine Array 5574 | -6/Zion | Learned Factory stockpile data 5601 | -6/Zion | Learned Factory garrison access intel 5618 | -6/Zion | Met Imprinter 5688 | -6/Zion | Entered Proximity Caves 5690 | -5/Proximity Caves | Reached level 20 5805 | -5/Proximity Caves | Reached level 21 5826 | -5/Proximity Caves | Destroyed 10 combat bots 5844 | -5/Proximity Caves | Learned location of 1 exit from Upper Caves 5873 | -5/Proximity Caves | Attracted the attention of an 0b10 outpost 5922 | -5/Proximity Caves | Attracted the attention of an 0b10 checkpoint 6037 | -5/Proximity Caves | Spotted B-75 Beast 6043 | -5/Proximity Caves | Destroyed B-75 Beast 6064 | -5/Proximity Caves | Entered Factory 6065 | -5/Factory | Identified exit to Extension 6066 | -5/Factory | Identified exit to Factory 6069 | -5/Factory | Loaded intel: 28 terminal locations 6070 | -5/Factory | Loaded intel: 4 garrison access locations 6092 | -5/Factory | Discovered new exit (range 15) 6104 | -5/Factory | Discovered exit to Factory (range 12) 6159 | -5/Factory | Reached level 22 6209 | -5/Factory | Destroyed 9 combat bots 6337 | -5/Factory | Discovered new exit (range 4) 6469 | -5/Factory | Local machine network offline 6552 | -5/Factory | Discovered exit to Factory (range 12) 6684 | -5/Factory | Upgraded with Utility slot (x1) 6697 | -5/Factory | Destroyed 7 combat bots 6729 | -5/Factory | Reached level 23 6745 | -5/Factory | Discovered exit to Factory (range 10) 6803 | -5/Factory | Entered Extension 6842 | -5/Extension | Energy Cycler disabled 6842 | -5/Extension | Rescued a captive Derelict 6842 | -5/Extension | Rescued a captive Derelict 6842 | -5/Extension | Rescued a captive Derelict 6843 | -5/Extension | Rescued a captive Derelict 6843 | -5/Extension | Rescued a captive Derelict 6845 | -5/Extension | Rescued a captive Derelict 6848 | -5/Extension | Rescued a captive Derelict 6851 | -5/Extension | Rescued a captive Derelict 6855 | -5/Extension | Rescued a captive Derelict 6925 | -5/Extension | Local machine network offline 6934 | -5/Extension | Spotted B-75 Beast 6951 | -5/Extension | Destroyed 9 combat bots 6955 | -5/Extension | Spotted B-75 Beast 6955 | -5/Extension | Discovered exit to Factory (range 15) 6961 | -5/Extension | Destroyed B-75 Beast 6961 | -5/Extension | Lost 3 allies 6969 | -5/Extension | Core integrity fell below 50% 7001 | -5/Extension | Destroyed B-75 Beast 7002 | -5/Extension | Rescued A7 7118 | -5/Extension | Discovered exit to Factory (range 10) 7118 | -5/Extension | Discovered new exit (range 6) 7130 | -5/Extension | Destroyed 12 combat bots 7173 | -5/Extension | Entered Cetus 7173 | -5/Cetus | Accompanied by 3 allies (A7) 7174 | -5/Cetus | Identified exit to Archives 7178 | -5/Cetus | Acquired a Cetus Manufacturing Module code from A7 7185 | -5/Cetus | Spotted Cetus Guard 7185 | -5/Cetus | Spotted Cetus Guard 7186 | -5/Cetus | Spotted Cetus Guard 7186 | -5/Cetus | Spotted Cetus Guard 7195 | -5/Cetus | Allies destroyed Cetus Guard 7196 | -5/Cetus | Destroyed Cetus Guard 7200 | -5/Cetus | Destroyed Cetus Guard 7204 | -5/Cetus | Destroyed Cetus Guard 7216 | -5/Cetus | Started Cetus Manufacturing Module 7241 | -5/Cetus | Manufactured an Enhanced Grunt 7266 | -5/Cetus | Manufactured an Enhanced Grunt 7291 | -5/Cetus | Manufactured an Enhanced Grunt 7316 | -5/Cetus | Manufactured an Enhanced Grunt 7341 | -5/Cetus | Manufactured an Enhanced Grunt 7374 | -5/Cetus | Spotted Cetus Guard 7391 | -5/Cetus | Spotted Cetus Guard 7391 | -5/Cetus | Spotted Cetus Guard 7391 | -5/Cetus | Spotted Cetus Guard 7394 | -5/Cetus | Discovered exit to Factory (range 16) 7395 | -5/Cetus | Reached level 24 7395 | -5/Cetus | Destroyed Cetus Guard 7400 | -5/Cetus | Destroyed Cetus Guard 7403 | -5/Cetus | Allies destroyed Cetus Guard 7403 | -5/Cetus | Destroyed Cetus Guard 7427 | -5/Cetus | Met Revision 17 7462 | -5/Cetus | Entered Archives 7462 | -5/Archives | Accompanied by 7 allies (A7) 7463 | -5/Archives | Identified exit to Hub_04(d) 7487 | -5/Archives | Discovered exit to Hub_04(d) (range 14) 7506 | -5/Archives | Unable to access archive contents 7509 | -5/Archives | Unable to access archive contents 7531 | -5/Archives | Entered Hub_04(d) 7531 | -5/Hub_04(d) | Accompanied by 6 allies 7538 | -5/Hub_04(d) | Spotted B-75 Beast 7547 | -5/Hub_04(d) | Network Hub disabled 7559 | -5/Hub_04(d) | Spotted Lightning 7563 | -5/Hub_04(d) | Discovered exit to Factory (range 9) 7563 | -5/Hub_04(d) | Spotted Lightning 7563 | -5/Hub_04(d) | Spotted Lightning 7567 | -5/Hub_04(d) | Network Hub disabled 7574 | -5/Hub_04(d) | Network Hub disabled 7607 | -5/Hub_04(d) | Spotted Lightning 7609 | -5/Hub_04(d) | Spotted Lightning 7610 | -5/Hub_04(d) | Spotted Lightning 7615 | -5/Hub_04(d) | Entered Factory 7617 | -4/Factory | Reached level 25 7658 | -4/Factory | Lost 3 allies 7690 | -4/Factory | Found Prototype Processor 7690 | -4/Factory | Identified Exp. Terrain Scan Processor 7695 | -4/Factory | Spotted B-86 Titan 7701 | -4/Factory | Core integrity fell below 50% 7716 | -4/Factory | Destroyed B-86 Titan 7839 | -4/Factory | Identified exit to Research 7848 | -4/Factory | Core integrity fell below 20% 7929 | -4/Factory | Learned location of 1 exit from Armory 8017 | -4/Factory | Learned 2 Armory zone layouts 8144 | -4/Factory | Discovered new exit (range 5) 8355 | -4/Factory | Discovered new exit (range 10) 8367 | -4/Factory | Identified exit to Upper Caves 8382 | -4/Factory | Reached level 26 8433 | -4/Factory | Entered Upper Caves 8433 | -4/Upper Caves | Accompanied by 1 ally 8434 | -4/Upper Caves | Identified exit to Upper Caves 8470 | -4/Upper Caves | Attracted the attention of an 0b10 outpost 8597 | -4/Upper Caves | Learned Research trap positions 8623 | -4/Upper Caves | Attracted the attention of an 0b10 checkpoint 8847 | -4/Upper Caves | Spotted B-86 Titan 8860 | -4/Upper Caves | Destroyed B-86 Titan 8897 | -4/Upper Caves | Found Alien Artifact 8897 | -4/Upper Caves | Identified Dimensional Node Initializer 8897 | -4/Upper Caves | Initialized slip node 8994 | -4/Upper Caves | Entered another Upper Caves area 8996 | -4/Upper Caves | Encountered a Warlord checkpoint 9074 | -4/Upper Caves | Attracted the attention of an 0b10 checkpoint 9087 | -4/Upper Caves | Learned location of 1 exit from Research 9089 | -4/Upper Caves | Discovered exit to Research (range 15) 9105 | -4/Upper Caves | Spotted B-86 Titan 9176 | -4/Upper Caves | Destroyed B-86 Titan 9346 | -4/Upper Caves | Learned Research trap positions 9366 | -4/Upper Caves | Attracted the attention of an 0b10 base 9386 | -4/Upper Caves | Learned Factory terminal intel 9386 | -4/Upper Caves | Learned Extension garrison access intel 9441 | -4/Upper Caves | Discovered new exit (range 5) 9461 | -4/Upper Caves | Entered Zhirov 9461 | -4/Zhirov | Discovered new exit (range 3) 9467 | -4/Zhirov | Met Zhirov 9477 | -4/Zhirov | Learned location of Quarantine (-2) 9477 | -4/Zhirov | Learned location of Testing (-3) 9477 | -4/Zhirov | Learned location of Command (-1) 9479 | -4/Zhirov | Zhirov requested help retrieving the SGEMP Prototype 9485 | -4/Zhirov | Found Alien Artifact 9485 | -4/Zhirov | Identified Integrated Dissipator 9485 | -4/Zhirov | Installed Integrated Dissipator, increased core heat dissipation (+20) 9535 | -4/Zhirov | Entered Proximity Caves 9537 | -3/Proximity Caves | Reached level 27 9541 | -3/Proximity Caves | Upgraded with Utility slot (x1) 9628 | -3/Proximity Caves | Spotter reported a threat 9646 | -3/Proximity Caves | Spotter reported a threat 9757 | -3/Proximity Caves | Attracted the attention of an 0b10 checkpoint 9919 | -3/Proximity Caves | Entered Research 9920 | -3/Research | Identified exit to Testing 9921 | -3/Research | Identified exit to Research 9921 | -3/Research | Reached level 28 9922 | -3/Research | Loaded intel: 100 trap records 9938 | -3/Research | Local machine network offline 10079 | -3/Research | Found Prototype Processor 10079 | -3/Research | Identified Spectral Analyzer 10081 | -3/Research | Found Prototype Device 10081 | -3/Research | Identified Adv. EM Shield 10119 | -3/Research | Revision forces began assault on 0b10 10231 | -3/Research | Reached level 29 10231 | -3/Research | Met up with Revision 17++ 10251 | -3/Research | Entered Testing 10314 | -3/Testing | Found Prototype Device 10314 | -3/Testing | Identified Exp. Focal Shield 10369 | -3/Testing | Upgraded with Propulsion slot (x1) 10381 | -3/Testing | Found Prototype Device 10381 | -3/Testing | Identified Imp. Particle Accelerator 10400 | -3/Testing | Spotted Striker 10400 | -3/Testing | Spotted Striker 10450 | -3/Testing | Spotted PL-YZVP4RZ9S4 10458 | -3/Testing | Spotted Alpha 7 10570 | -3/Testing | Local machine network offline 10599 | -3/Testing | Discovered exit to Research (range 8) 10652 | -3/Testing | Reached level 30 10653 | -3/Testing | Core integrity fell below 50% 10654 | -3/Testing | Entered Research 10655 | -2/Research | Identified exit to Quarantine 10655 | -2/Research | Core integrity fell below 50% 10656 | -2/Research | Loaded intel: 73 trap records 10673 | -2/Research | Destroyed 7 combat bots 10854 | -2/Research | Reached level 31 11099 | -2/Research | Local machine network offline 11154 | -2/Research | First assault squad dispatched 11165 | -2/Research | Destroyed 12 combat bots 11167 | -2/Research | Entered Quarantine 11169 | -2/Quarantine | Reached level 32 11230 | -2/Quarantine | Found Alien Artifact 11230 | -2/Quarantine | Identified Subatomic Replicator 11233 | -2/Quarantine | Upgraded with Utility slot (x1) 11266 | -2/Quarantine | Scanned by Researcher 11410 | -2/Quarantine | Identified exit to Access 11417 | -2/Quarantine | First assault squad dispatched 11466 | -2/Quarantine | Learned Access scanalyzer intel 11496 | -2/Quarantine | Spotted Fortress 11519 | -2/Quarantine | Learned Access repair station intel 11529 | -2/Quarantine | Destroyed Fortress 11531 | -2/Quarantine | Learned Research trap positions 11532 | -2/Quarantine | Learned Research interactive machine intel 11533 | -2/Quarantine | Identified exit to Section 7 11549 | -2/Quarantine | Identified exit to Protoforge 11553 | -2/Quarantine | Entered Protoforge 11583 | -2/Protoforge | Spotted B-90 Cyclops 11588 | -2/Protoforge | Superfortress began startup sequence 11610 | -2/Protoforge | Reached level 33 11610 | -2/Protoforge | Spotted Hotshot 11610 | -2/Protoforge | Spotted Hotshot 11610 | -2/Protoforge | Spotted Hotshot 11610 | -2/Protoforge | Spotted Hotshot 11610 | -2/Protoforge | Spotted Hotshot 11610 | -2/Protoforge | Spotted Hotshot 11613 | -2/Protoforge | Spotted Hotshot 11614 | -2/Protoforge | Spotted Hotshot 11614 | -2/Protoforge | Spotted Hotshot 11619 | -2/Protoforge | Destroyed Hotshot 11619 | -2/Protoforge | Spotted Hotshot 11630 | -2/Protoforge | Destroyed Hotshot 11636 | -2/Protoforge | Destroyed Hotshot 11673 | -2/Protoforge | Destroyed Hotshot 11760 | -2/Protoforge | Core integrity fell below 20% 11780 | -2/Protoforge | Destroyed by P-80 Master with Gamma Rifle Last Messages --------------- 11774_ Slug penetrates P-80 Master. 11774_ Drone sends a signal. 11774_ Destroyed Adv. Remote Datajack. 11774_ P-80 Master system corrupted by crushing effect. 11774_ P-80 Master knocked back. 11777_ Imp. Force Field destroyed. 11777_ Adv. Corruption Screen intercepted 2% system corruption. 11777_ Adv. Corruption Screen intercepted 1% system corruption. 11777_ Slug penetrates Reinforced Barrier. 11777_ Destroyed Adv. Target Analyzer. 11777_ Destroyed Sml. Battery. 11777_ Destroyed Adv. Remote Datajack. 11777_ Destroyed Adv. Heat Sink. 11777_ P-80 Master system corrupted by crushing effect. 11777_ Power Maul+ follow-up attack on P-80 Master. 11777_ Destroyed Imp. Antigrav System. 11777_ P-80 Master system corrupted by crushing effect. 11777_ P-80 Master knocked back. 11777_ P-80 Master resets P-80 Master, system corruption cleaned. 11780_ Adv. Corruption Screen intercepted 1% system corruption. Map ----- +----------------------------------------------------+ | ?????????????????????????????????????????????????? | | ?????????????????????????????????????????????????? | | ?????????????????????????????????????????????????? | | ?????????????????????????????????????????????????? | | ?????????????????????????????????????????????????? | | ?????????????????????????????????????????????????? | | ?????????????????????????????????????????????????? | | ?????????????????????????????????????????????????? | | ??????????????????????????????????????? ##???????? | | ??????????????????????????????????????? ##???????? | | ??????????????????????????????????????? ##???????? | | ??????????????????????????????????????? ##???????? | | ?????????????????????????????????????? ##???????? | | ?????????????## ?????????????????????? ##???????? | | ??????????##### ##################### ##???????? | | ??????????##### ##################### ###??????? | | ?????????? ###??????? | | ?????????? ##??????? | | ?????????? ##??????? | | ????????????????#######+++######## ######??????? | | ????????????????#### ##### ######??????? | | ??????????????????## ppp =!##?## ##??????????? | | ??????????????????## " "=[=##?## ##??????????? | | ??????????????????## " "!=%##?## ##??????????? | | ??????????????????## *""G""=|##?## ##??????????? | | ??????????????????##!!Y[=@%p[##?## ############# | | ??????????????????#############?## ############# | | ??????????????????#############?## | | ????????????????????????????????## | | ????????????????????????????????## | | ????????????????????????????????######### | | ????????????????????????????????######### | | ???????????????????????????????????????## | | ???????????????????????????????????????## | | ???????????????????????????????????????## | | ???????????????????????????????????????### # | | ????????????????????????????????########## # | | ????????????????????????????????########## # | | ????????????????????????????????##"""""" " | | ?????########?########?########?## """" | | ?????########?########?########?## "" | | #######""""#####""""#####""""##### T" | | #######!!!!##### ##### !!##### | | | | | | | | | | % | | * | | #####!!!!#####////#####////##### | +----------------------------------------------------+ Best States ------------- Heat Dissipation 63 Energy Generation 52 Energy Capacity 350 Matter Stores 300 Matter Capacity 300 Sight Range 16 Terrain Scan Range 14 Terrain Scan Density 10 Corruption Block 20 Melee Speed Boost 40 Phase Shifting 10 Evasion (%) 88 Melee Accuracy 24 Target Analysis 8 Core Analysis 6 Armor Integrity Analysis 30 Force Boost 20 Offensive Hacking 5 Defensive Hacking 15 Item Schematics ----------------- Flail | -8/Materials | Scanalyzed Katana | -8/Materials | Scanalyzed Axe | -8/Materials | Scanalyzed Imp. Corruption Screen | -7/Factory | Hacked Power Maul | -7/Factory | Scanalyzed Combat Drone Bay | -7/Data Miner | Free Lgt. Regenerative Plating | -7/Data Miner | Free Cld. Cesium-ion Thruster | -7/Data Miner | Free Exp. Targeting Computer | -7/Data Miner | Free Cld. Plasma Cannon | -7/Data Miner | Free Thunder Leg | -7/Data Miner | Free Adv. System Restoration Module | -7/Data Miner | Free Adv. Plasma Cannon | -7/Data Miner | Free Adv. Recoil Stabilizer | -7/Data Miner | Free Arm. Leg | -7/Data Miner | Free Imp. Component Analysis Suite | -7/Data Miner | Free Railgun | -7/Data Miner | Free Assault Rifle | -6/Factory | Hacked Adv. Actuator Array | -4/Factory | Hacked Assault Drone Bay | -4/Zhirov | Free Exp. Heat Sink | -4/Zhirov | Free Exp. Optical Array | -4/Zhirov | Free Imp. Arc Thrower | -4/Zhirov | Free Exp. Q-thruster | -2/Quarantine | Archive Enh. Armored Heavy Treads | -2/Quarantine | Archive Spectral Analyzer | -2/Quarantine | Archive Adv. Phase Shifter | -2/Protoforge | Hacked Robot Schematics ------------------ A-15 Conveyor | -7/Data Miner | Free R-10 Processor | -7/Data Miner | Free B-48 Gladiator | -7/Data Miner | Free M-22 Extractor | -7/Data Miner | Free E-15 Imp | -7/Data Miner | Free I-36 Angel | -7/Data Miner | Free X-87 Electro | -2/Quarantine | Archive Fabricated ------------ Imp. Phase Shifter | x2 | -7/Factory | Preloaded Repaired ---------- Nothing Studied --------- Flight Unit | -8/Materials | Hacked Lgt. Ion Engine | -8/Materials | Hacked Hammer | -8/Materials | Hacked Spear | -7/Factory | Hacked Power Maul | -6/Factory | Hacked Surge Thruster | -5/Factory | Hacked Impulse Thruster | -4/Factory | Hacked Imp. Surge Thruster | -4/Factory | Hacked Impulse Thruster Array | -3/Testing | Hacked Quantum Reactor | -2/Quarantine | Hacked Alien Tech Used ----------------- Dimensional Node Initializer Integrated Dissipator Subatomic Replicator Achievements -------------- Maybe Next Time I'll Detach My Launcher Tailor-made Challenges ------------ None RPGLIKE | -11 -10 -10 -10 -9 -8 -7 -7 -7 -7 -7 -6 -6 -6 -6 -6 -5 -5 -5 -5 -5 -5 -4 -4 -4 -4 -3 -3 -3 -2 -2 -2 --------- Run | Yrd Mat Min Exi Min Mat Fac Was Fac Low Dat Pro Fac Low Low Zio Pro Fac Ext Cet Arc Hub Fac Upp Upp Zhi Pro Res Tes Res Qua Frg Levels Raised 32 | . 1 . . 1 5 2 . 4 . 1 2 1 1 . . 2 2 . 1 . . 2 . . . 1 2 1 1 1 1 XP Earned 51257 | 3000 1605 810 200 1750 6330 3810 200 5404 728 421 2834 2883 507 568 220 2261 2491 1041 611 213 443 2249 485 473 152 1275 2290 1255 2585 1183 980 XP Spent 49260 | . 3000 . . . 7450 4200 . 5750 . . . 4600 3610 . . . 5600 . . . . . 3700 . . 3500 . 2750 1300 3800 . Upgrades 45 | . 6 . . . 13 3 . 5 . . . 3 4 . . . 4 . . . . . 2 . . 1 . 2 1 1 . Propulsion Slot 5 | . 2 . . . . . . 1 . . . 1 . . . . . . . . . . . . . . . 1 . . . Utility Slot 12 | . . . . . 2 3 . 2 . . . 1 1 . . . 1 . . . . . . . . 1 . . . 1 . Weapon Slot 4 | . . . . . 4 . . . . . . . . . . . . . . . . . . . . . . . . . . Heat Dissipation 3 | . . . . . . . . 1 . . . . 2 . . . . . . . . . . . . . . . . . . Energy Generation 5 | . . . . . . . . 1 . . . . 1 . . . 1 . . . . . . . . . . 1 1 . . Mass Support 5 | . . . . . 1 . . . . . . 1 . . . . 1 . . . . . 2 . . . . . . . . Inventory Capacity 2 | . . . . . 1 . . . . . . . . . . . 1 . . . . . . . . . . . . . . Melee Accuracy 5 | . . . . . 5 . . . . . . . . . . . . . . . . . . . . . . . . . . Hack Attack % 1 | . 1 . . . . . . . . . . . . . . . . . . . . . . . . . . . . . . Hack Defense % 3 | . 3 . . . . . . . . . . . . . . . . . . . . . . . . . . . . . . Protomatter Created 6820 | . 49 20 . 26 296 302 . 678 126 . 362 267 122 303 . 383 306 358 48 60 7 347 503 283 119 122 359 436 414 290 234 Integrity Restored 13358 | . 33 60 . 3 727 760 . 1160 81 . 540 640 540 292 . 466 785 779 225 137 21 1244 839 603 . 127 528 589 1194 523 462 Core 10737 | . 33 60 . 3 691 656 . 911 59 . 475 524 463 174 . 380 626 496 191 116 21 1165 528 408 . 105 411 466 911 402 462 Parts 2621 | . . . . . 36 104 . 249 22 . 65 116 77 118 . 86 159 283 34 21 . 79 311 195 . 22 117 123 283 121 . Protomatter Decayed 2933 | . 38 . . . . 1 . 344 91 . 153 6 . 140 . 188 62 336 121 . 272 . 135 122 34 64 317 285 33 109 82 Game ------ Seed AmuletTachyonDiverter Manual? 0 Play Time 04:16:32 Cumulative 221.8 hours Start 2026.03.02 @ 11:49:17 End 2026.03.02 @ 21:29:05 Sessions 5 Manual Loads 0 Difficulty Rogue Special Mode Winter2019/RPGLIKE Game No. 216 Rogue 216 Adventurer 0 Explorer 0 Win Type - Total 15 Types 11/0/1/1/0/0/1/0/0/1 Lore% 70 Gallery% 58 Achievement% 54 Wizard Run 0 Options --------- Layout 0 ASCII 0 Keyboard 0 Movement Numpad Keybinds 0 Fullscreen 1 Font 18/SmallcapsGlow Map View 76x50 Zoom Use 0% Tactical HUD 1 Map Filters NONE Filters NONE Steam 1 RUN: 059eb62f-6f0a-4a06-8228-a4a7959078a8